Workbook
Name Auxiliar: #REF!
Name Auxiliar: #REF!
Name Auxiliar: #REF!
Name Auxiliar: #REF!
Name Auxiliar: #REF!
Name CUSTO_VALE_TRANSPORTE: #REF!
Name CUSTO_VALE_TRANSPORTE: #REF!
Name CUSTO_VALE_TRANSPORTE: #REF!
Name CUSTO_VALE_TRANSPORTE: #REF!
Name CUSTO_VALE_TRANSPORTE: #REF!
Name ecwece4c: #REF!
Name ecwece4c: #REF!
Name ecwece4c: #REF!
Name ecwece4c: #REF!
Name ecwece4c: #REF!
Name MOMB4: '[1]SERVENTE MANUTENCAO'!$I$144
Name MONA1: #REF!
Name MONA1: #REF!
Name MONA1: #REF!
Name MONA1: #REF!
Name MONA1: #REF!
Name MONA2: #REF!
Name MONA2: #REF!
Name MONA2: #REF!
Name MONA2: #REF!
Name MONA2: #REF!
Name MONA3: [2]HIDRAULICO!$I$138
Name MONA4: '[2]SERVENTE (AUX PRODUCAO)'!$I$138
Name MONA5: #REF!
Name MONA5: #REF!
Name MONA5: #REF!
Name MONA5: #REF!
Name MONA5: #REF!
Name MONA6: #REF!
Name MONA6: #REF!
Name MONA6: #REF!
Name MONA6: #REF!
Name MONA6: #REF!
Name MONA7: #REF!
Name MONA7: #REF!
Name MONA7: #REF!
Name MONA7: #REF!
Name MONA7: #REF!
Name MONA8: [2]MECANICO_REFRIGERACAO!$I$138
Name MONB1: #REF!
Name MONB1: #REF!
Name MONB1: #REF!
Name MONB1: #REF!
Name MONB1: #REF!
Name MONB2: #REF!
Name MONB2: #REF!
Name MONB2: #REF!
Name MONB2: #REF!
Name MONB2: #REF!
Name MONB3: [2]HIDRAULICO!$I$144
Name MONB4: '[2]SERVENTE (AUX PRODUCAO)'!$I$144
Name MONB5: #REF!
Name MONB5: #REF!
Name MONB5: #REF!
Name MONB5: #REF!

Sheet líder 12x36 diurno POA
A1: PLANILHA DE CUSTOS E FORMAÇÃO DE PREÇOS DE SERVIÇOS CONTINUADOS COM DEDICAÇÃO EXCLUSIVA DE MÃO DE OBRA
A2: PROCESSO: | C2: 25/0435-0021818-8 | E2: REGIME DE TRIBUTAÇÃO: LUCRO REAL e PRESUMIDO (*)
A3: Dispensa de Licitação n° | C3: 002/2026 | E3: Data de apresentação da proposta:
A5: Cargo/Função: | D5: VIGILANTE ARMADO LÍDER (DIURNO) | G5: =IF(D6="12x36","Regime de trabalho:","Quantidade de HORAS/MÊS") -> Regime de trabalho: | I5: =IF(D6="12x36",D6,5*D6) -> 12x36
A6: =IF(D6="12x36","Regime de trabalho:","Regime de trabalho (horas semanais):") -> Regime de trabalho: | D6: 12x36
A7: Convenção Coletiva de Trabalho: | G7: INSALUBRIDADE (10%, 20%, 40%) | I7: Não aplicável
A8: Origem do salário:
A9: Cidade: | D9: Porto Alegre/RS | G9: PERICULOSIDADE (30%) | I9: 0.3
A10: Salário Normativo | G10: Vlr. do salário e nº de horas correspondentes | H10: 220
A11: ISS | H11: Alíquota
A12: Adicional Troca de Uniforme (somente para postos de vigilantes que prevêm pagamento para troca de uniforme na CCT) | G12: CCT | H12: Valor
A13: Quantidade de dias trabalhados no mês | I13: 15
A14: Tarifa Transporte | G14: CCT | H14: Vr. Unitário
H15: Dias | I15: =I13 -> 15
H16: Desconto
A17: Auxílio Alimentação | G17: CCT | H17: Vr. Unitário
H18: Dias | I18: =I13 -> 15
H19: Desconto
A20: Auxílio Lanche | G20: CCT | H20: Vr. Unitário
H21: Dias | I21: 0
H22: Desconto
A23: Outros benefícios que refletem na planilha de custos, caso constem na CCT | G23: CCT | H23: Valor mensal
A24: Adicional de Supervisor (35%) TR | H24: Porcentagem | I24: 0.35
A25: Base de cálculo da insalubridade | H25: Valor | I25: Não aplicável
A26: Hora Intervalar | H26: Horas por mês | I26: 15
A27: Sem fornecimento de materiais ou apenas fornecimento de EPIs ou uniformes, utilizar 10%. Com fornecimento de materiais ou equipamentos, utilizar 20%. | H27: Porcentagem | I27: 0.2
A29: MONTANTE A
A30: I | B30: Remuneração - Grupo I | H30: % | I30: Valor Mensal/unidade de serviço (R$)
A31: 1 | B31: Salário | H31: =I31/$I$41 -> #DIV/0! | I31: =IF(D6="12x36",I10,I10/H10*I5) -> 0
A32: =A31+1 -> 2 | B32: Adicional Periculosidade 30% | H32: =I32/$I$41 -> #DIV/0! | I32: =IF(I9=30%,(I31+I38+I39)*I9,0) -> 0
A33: =A32+1 -> 3 | B33: Adicional Insalubridade 10% (Ver súmula 228 e 139 TST) | H33: =I33/$I$41 -> #DIV/0! | I33: =IF(I7=10%,I25*I7,0) -> 0
A34: =A33+1 -> 4 | B34: Adicional Insalubridade 20% (Ver súmula 228 e 139 TST) | H34: =I34/$I$41 -> #DIV/0! | I34: =IF(I7=20%,I25*I7,0) -> 0
A35: =A34+1 -> 5 | B35: Adicional Insalubridade 40% (Ver súmula 228 e 139 TST) | H35: =I35/$I$41 -> #DIV/0! | I35: =IF(I7=40%,I25*I7,0) -> 0
A36: =A35+1 -> 6 | B36: Adicional de Supervisor (IN 02/2008 MPOG SLTI) | H36: =I36/$I$41 -> #DIV/0! | I36: =IF(I24="Não aplicável",0,I31*I24) -> 0
A37: =A36+1 -> 7 | B37: DSR - Descanso Semanal Remunerado | H37: =I37/$I$41 -> #DIV/0! | I37: 0
A38: =A37+1 -> 8 | B38: Adicional Troca de Uniforme | H38: =I38/$I$41 -> #DIV/0! | I38: =I12*I13 -> 0
A39: =A38+1 -> 9 | B39: Integração RSF (20% sobre Ad.Troca de Uniforme - somente para vigilantes) | H39: =I39/$I$41 -> #DIV/0! | I39: =I38*20% -> 0
A40: =A39+1 -> 10 | B40: =IF(D6="12x36","Para postos 12x36 os feriados são considerados compensados, conforme parágrafo único, Art. 59-A da CLT","Outros") -> Para postos 12x36 os feriados são considerados compensados, conforme parágrafo único, Art. 59-A da CLT | H40: =I40/$I$41 -> #DIV/0! | I40: 0
A41: Total de Remuneração | H41: =SUM(H31:H40) -> #DIV/0! | I41: =SUM(I31:I40) -> 0
A43: II | B43: Encargos Sociais - Grupo II: Obrigações Sociais | H43: % | I43: Valor Mensal/unidade de serviço (R$)
A44: 1 | B44: INSS (art. 22, inc. I, Lei nº 8.212/91) | H44: 0.2 | I44: =$I$41*H44 -> 0
A45: 2 | B45: SESI ou SESC (art. 30, Lei nº 8.036/90) | H45: 0.015 | I45: =$I$41*H45 -> 0
A46: 3 | B46: SENAI ou SENAC (Decreto-Lei nº 2.318/86) | H46: 0.01 | I46: =$I$41*H46 -> 0
A47: 4 | B47: INCRA (art. 15I, Lei Complementar nº 011/71) | H47: 0.002 | I47: =$I$41*H47 -> 0
A48: 5 | B48: SALÁRIO EDUCAÇÃO (art. , inc. I, Decreto nº 87.043/82) | H48: 0.025 | I48: =$I$41*H48 -> 0
A49: 6 | B49: FGTS (art. 15, Lei nº 8.036/90) | H49: 0.08 | I49: =$I$41*H49 -> 0
A50: 7 | B50: SEG. ACIDENTE DO TRABALHO 1%, 2% e 3% (art. 22, inc. II, alíneas "b" e "c", da Lei nº 8.212/91) | H50: 0.03 | I50: =$I$41*H50 -> 0
A51: 8 | B51: SEBRAE (§ 3º, art. 8º, Lei nº 8.029/90) | H51: 0.006 | I51: =$I$41*H51 -> 0
A52: Total do Grupo II | H52: =SUM(H44:H51) -> 0.368 | I52: =SUM(I44:I51) -> 0
A53: Os percentuais para o SAT podem variar de 0,50% a 6,00% em função do Fator de Acidente Previdenciário (FAP), Decreto nº 6.957/2009
A54: Deverá obrigatoriamente acompanhar a proposta de preços e a planilha de custos e formação de preços a prova do Fator Acidentário de Prevenção – FAP por meio de impressão de consulta ao site do Ministério da Previdência Social (que pode ser obtido no endereço eletrônico http://www2.dataprev.gov.br/fap/fap.htm), independentemente de alteração da alíquota da parcela do Seguro Acidente de Trabalho disposta no Quadro II da referida planilha.
A55: III | B55: Encargos Sociais - Grupo III: Tempo Não Trabalhado | H55: % | I55: Valor Mensal/unidade de serviço (R$)
A56: 1 | B56: FÉRIAS GOZADAS + ADICIONAL DE FÉRIAS | H56: 0.119314 | I56: =$I$41*H56 -> 0
A57: 2 | B57: FALTAS ABONADAS (3) | H57: 0.020479 | I57: =$I$41*H57 -> 0
A58: 3 | B58: FALTAS LEGAIS (4) | H58: 0.012123 | I58: =$I$41*H58 -> 0
A59: 4 | B59: LICENÇA MATERNIDADE | H59: 0.011436 | I59: =$I$41*H59 -> 0
A60: 5 | B60: LICENÇA PATERNIDADE | H60: 0.000174 | I60: =$I$41*H60 -> 0
A61: 6 | B61: ACIDENTE DE TRABALHO | H61: 0.000442 | I61: =$I$41*H61 -> 0
A62: 7 | B62: AVISO PRÉVIO TRABALHADO | H62: 0.000185 | I62: =$I$41*H62 -> 0
A63: 8 | B63: 13º SALÁRIO | H63: 0.09079 | I63: =$I$41*H63 -> 0
A64: Total do Grupo III | H64: =SUM(H56:H63) -> 0.254943 | I64: =SUM(I56:I63) -> 0
A65: (3) | B65: Faltas Justificadas por Auxílio Doença
A66: (4) | B66: Faltas Legais - Art. 473 CLT
A67: IV | B67: Encargos Sociais - Grupo IV: Indenizações | H67: % | I67: Valor Mensal/unidade de serviço (R$)
A68: 1 | B68: INDENIZAÇÕES | H68: 0.023627 | I68: =$I$41*H68 -> 0
A69: 2 | B69: FGTS SOBRE INDENIZAÇÕES | H69: 0.001717 | I69: =$I$41*H69 -> 0
A70: 3 | B70: INDENIZAÇÃO COMPENSATÓRIA POR DEMISSÃO SEM JUSTA CAUSA | H70: 0.009451 | I70: =$I$41*H70 -> 0
A71: Total do Grupo IV | H71: =SUM(H68:H70) -> 0.034795 | I71: =SUM(I68:I70) -> 0
A73: V | B73: Encargos Sociais - Grupo V: Incidências | H73: % | I73: Valor Mensal/unidade de serviço (R$)
A74: 1 | B74: INCIDÊNCIA GRUPO II (Obrigações Sociais) X GRUPO III (Tempo Não Trabalhado) | H74: =(H52*H64) -> 0.093819024 | I74: =$I$41*H74 -> 0
A75: Total do Grupo V | H75: =SUM(H74:H74) -> 0.093819024 | I75: =I74 -> 0
A77: TOTAL DOS ENCAGOS SOCIAIS (II + III + IV + V) | H77: =H52+H64+H71+H75 -> 0.75155702 | I77: =I52+I64+I71+I75 -> 0
A79: VI | B79: Demais custos relativos à Norma Coletiva ou Disposições Legais - Grupo VI | H79: % | I79: Valor Mensal/unidade de serviço (R$)
A80: 1 | B80: Auxílio Alimentação | H80: =I80/$I$41 -> #DIV/0! | I80: =I97 -> 0
A81: 2 | B81: Auxílio Lanche | H81: =I81/$I$41 -> #DIV/0! | I81: =I93 -> 0
A82: 3 | B82: Vale-Transporte⁽⁵⁾ | H82: =I82/$I$41 -> #DIV/0! | I82: =I89 -> 0
A83: 4 | B83: Adicional Intervalar | H83: =I83/$I$41 -> #DIV/0! | I83: =IF(I26="Não aplicável",0,((I10/H10)*1.5*I26)) -> 0
A84: 5 | B84: Outros | H84: =I84/$I$41 -> #DIV/0! | I84: =IF(I23="Não aplicável",0,I23) -> 0
A85: Total do Grupo VI | H85: =SUM(H80:H84) -> #DIV/0! | I85: =SUM(I80:I84) -> 0
A86: (5) | B86: O valor do vale-transporte pode variar de acordo com o modal fornecido pelo empregador.
A87: MEMÓRIA DE CÁLCULO DO VALE TRANSPORTE
A88: Valor Unitário | C88: Dias de Trabalho | D88: Vale p/dia | E88: Custo total | F88: Base de cálculo | G88: Percentual de desconto | H88: Valor desconto | I88: Custo efetivo
A89: =I14 -> 0 | C89: =I15 -> 15 | D89: 2 | E89: =A89*C89*D89 -> 0 | F89: =I31 -> 0 | G89: =I16 -> 0 | H89: =F89*G89 -> 0 | I89: =IF((E89-H89)>0,E89-H89,0) -> 0
A91: MEMÓRIA DE CÁLCULO DO VALE LANCHE
A92: Valor Unitário | C92: Dias por mês | D92: Vale p/dia | E92: Custo total | F92: Base de cálculo | G92: Percentual de desconto | H92: Valor desconto | I92: Custo efetivo
A93: =I20 -> 0 | C93: =I21 -> 0 | D93: 1 | E93: =A93*C93*D93 -> 0 | F93: =E93 -> 0 | G93: =I22 -> 0 | H93: =F93*G93 -> 0 | I93: =E93-H93 -> 0
A95: MEMÓRIA DE CÁLCULO DO VALE ALIMENTAÇÃO
A96: Valor Unitário | C96: Dias por mês | D96: Vale p/dia | E96: Custo total | F96: Base de cálculo | G96: Percentual de desconto | H96: =H88 -> Valor desconto | I96: Custo efetivo
A97: =I17 -> 0 | C97: =I18 -> 15 | D97: 1 | E97: =A97*C97*D97 -> 0 | F97: =E97 -> 0 | G97: =I19 -> 0 | H97: =F97*G97 -> 0 | I97: =E97-H97 -> 0
A99: TOTAL DO MONTANTE A (I + II + III+ IV + V +VI) | H99: =H41+H77+H85 -> #DIV/0! | I99: =I41+I77+I85 -> 0
A101: MONTANTE B
A102: I | B102: Despesas Diretas | H102: % | I102: Valor Mensal/unidade de serviço (R$)
A103: 1 | B103: Transporte (6) | H103: =I103/$I$114 -> #DIV/0! | I103: 0
A104: 2 | B104: Uniformes/EPI (6a) | H104: =I104/$I$114 -> #DIV/0! | I104: =IF(F112=10%,G112,0) -> 0
A105: 3 | B105: Seguro de vida | H105: =I105/$I$114 -> #DIV/0! | I105: 0
A106: 4 | B106: Materiais/Equipamentos | H106: =I106/$I$114 -> #DIV/0! | I106: 0
A107: 5 | B107: Mobilização (7) | H107: =I107/$I$114 -> #DIV/0! | I107: 0
A108: 6 | B108: Outros (especificar) | H108: =I108/$I$114 -> #DIV/0! | I108: 0
A109: Total de Despesas Diretas | H109: =H103+H104+H105+H106+H107+H108 -> #DIV/0! | I109: =SUM(I103:I108) -> 0
B110: (6) Somente será preenchido quando o licitante fornecer transporte próprio (6a) EPI - Equipamento de Proteção Individual (7) Tais custos de mobilização não são renováveis, devendo ser eliminados após o primeiro ano de contrato caso haja prorrogação
...

Sheet líder 12x36 noturno POA
A1: PLANILHA DE CUSTOS E FORMAÇÃO DE PREÇOS DE SERVIÇOS CONTINUADOS COM DEDICAÇÃO EXCLUSIVA DE MÃO DE OBRA
A2: PROCESSO: | C2: 25/0435-0021818-8 | E2: REGIME DE TRIBUTAÇÃO: LUCRO REAL e PRESUMIDO (*)
A3: Dispensa de Licitação n° | C3: 002/2026 | E3: Data de apresentação da proposta:
A5: Cargo/Função: | D5: VIGILANTE ARMADO LÍDER (NOTURNO) | G5: =IF(D6="12x36","Regime de trabalho:","Quantidade de HORAS/MÊS") -> Regime de trabalho: | I5: =IF(D6="12x36",D6,5*D6) -> 12x36
A6: =IF(D6="12x36","Regime de trabalho:","Regime de trabalho (horas semanais):") -> Regime de trabalho: | D6: 12x36
A7: Convenção Coletiva de Trabalho: | G7: INSALUBRIDADE (10%, 20%, 40%) | I7: Não aplicável
A8: Origem do salário:
A9: Cidade: | D9: Porto Alegre/RS | G9: PERICULOSIDADE (30%) | I9: 0.3
A10: Salário Normativo (INPC ACUMULADO +0,76366% - CLAUSULA QUINTA CCT | G10: Vlr. do salário e nº de horas correspondentes | H10: 220
A11: ISS | G11: =D9 -> Porto Alegre/RS | H11: Alíquota
A12: Adicional Troca de Uniforme (somente para postos de vigilantes que prevêm pagamento para troca de uniforme na CCT) | G12: CCT | H12: Valor
A13: Quantidade de dias trabalhados no mês | I13: 15
A14: Tarifa Transporte | G14: CCT | H14: Vr. Unitário
H15: Dias | I15: =I13 -> 15
H16: Desconto
A17: Vale Alimentação | G17: CCT | H17: Vr. Unitário
H18: Dias | I18: =I13 -> 15
H19: Desconto
A20: Auxílio Lanche | G20: CCT | H20: Vr. Unitário
H21: Dias | I21: =I13 -> 15
H22: Desconto
A23: Outros benefícios que refletem na planilha de custos, caso constem na CCT | G23: CCT | H23: Valor mensal
A24: Adicional de Supervisor (35%) TR | H24: Porcentagem | I24: 0.35
A25: Base de cálculo da insalubridade | H25: Valor | I25: Não aplicável
A26: Hora Intervalar | H26: Horas por mês | I26: 15
A27: Sem fornecimento de materiais ou apenas fornecimento de EPIs ou uniformes, utilizar 10%. Com fornecimento de materiais ou equipamentos, utilizar 20%. | H27: Porcentagem | I27: 0.2
A28: Adicional Noturno: Horas: [(60/52,5) x Nº de horas noturnas diárias] x Nº de dias trabalhados com hora noturna Valor hora: (vlr. do salário/nº de horas correspondente do salário) x 20% (noturno) | G28: CCT | H28: Nº horas
H29: Vr. Hora | I29: =I10/H10*20% -> 0
A30: Reduzida Noturna Horas Reduzidas: 60/52,5=1,143 x 7h noturnas = 8h noturnas 5h diurnas + 8h noturnas = 13h X 15 dias = 195 horas mensais 195h - 190,67 = 4,33 horas Valor hora: (vlr. do salário/nº de horas correspondente do salário) x 150% (H.Extra) | G30: CCT | H30: Nº horas | I30: =((5+7+1)*15)-190.67 -> 4.33
H31: Vr. Hora | I31: =(I10/H10)*1.5 -> 0
A33: MONTANTE A
A34: I | B34: Remuneração - Grupo I | H34: % | I34: Valor Mensal/unidade de serviço (R$)
A35: 1 | B35: Salário | H35: =I35/$I$48 -> #DIV/0! | I35: =IF(D6="12x36",I10,I10/H10*I5) -> 0
A36: =A35+1 -> 2 | B36: Adicional Noturno 20% (Ver súmula 60 TST) | H36: =I36/$I$48 -> #DIV/0! | I36: 0
A37: =A36+1 -> 3 | B37: Adicional Periculosidade 30% | H37: =I37/$I$48 -> #DIV/0! | I37: =IF(I9=30%,(I35+I45+I42+I43+I44+I46)*I9,0) -> 0
A38: =A37+1 -> 4 | B38: Adicional Insalubridade 10% (Ver súmula 228 e 139 TST) | H38: =I38/$I$48 -> #DIV/0! | I38: =IF(I7=10%,I25*I7,0) -> 0
A39: =A38+1 -> 5 | B39: Adicional Insalubridade 20% (Ver súmula 228 e 139 TST) | H39: =I39/$I$48 -> #DIV/0! | I39: =IF(I7=20%,I25*I7,0) -> 0
A40: =A39+1 -> 6 | B40: Adicional Insalubridade 40% (Ver súmula 228 e 139 TST) | H40: =I40/$I$48 -> #DIV/0! | I40: =IF(I7=40%,I25*I7,0) -> 0
A41: =A40+1 -> 7 | B41: Adicional de Supervisor (IN 02/2008 MPOG SLTI) | H41: =I41/$I$48 -> #DIV/0! | I41: =IF(I24="Não aplicável",0,I35*I24) -> 0
A42: =A41+1 -> 8 | B42: Reduzida Noturna | H42: =I42/$I$48 -> #DIV/0! | I42: =I30*I31 -> 0
A43: =A42+1 -> 9 | B43: Adicional Noturno | H43: =I43/$I$48 -> #DIV/0! | I43: =I28*I29 -> 0
A44: =A43+1 -> 10 | B44: Integração RSRF (20%) sobre H. Extra Red. Noturna e Adic Noturno = [Reduzida Noturna + Adic. Noturno]*[Descanso Semanal Remunerado] (20%) | H44: =I44/$I$48 -> #DIV/0! | I44: =(I42+I43)*0.2 -> 0
B45: Adicional Troca de Uniforme | H45: =I45/$I$48 -> #DIV/0! | I45: =I12*I13 -> 0
B46: Integração RSF (20% sobre Ad.Troca de Uniforme) | H46: =I46/$I$48 -> #DIV/0! | I46: =I45*20% -> 0
A47: =A44+1 -> 11 | B47: =IF(D6="12x36","Para postos 12x36 os feriados são considerados compensados, conforme parágrafo único, Art. 59-A da CLT","Outros") -> Para postos 12x36 os feriados são considerados compensados, conforme parágrafo único, Art. 59-A da CLT | H47: =I47/$I$48 -> #DIV/0! | I47: 0
A48: Total de Remuneração | H48: =SUM(H35:H47) -> #DIV/0! | I48: =SUM(I35:I47) -> 0
A50: II | B50: Encargos Sociais - Grupo II: Obrigações Sociais | H50: % | I50: Valor Mensal/unidade de serviço (R$)
A51: 1 | B51: INSS (art. 22, inc. I, Lei nº 8.212/91) | H51: 0.2 | I51: =$I$48*H51 -> 0
A52: 2 | B52: SESI ou SESC (art. 30, Lei nº 8.036/90) | H52: 0.015 | I52: =$I$48*H52 -> 0
A53: 3 | B53: SENAI ou SENAC (Decreto-Lei nº 2.318/86) | H53: 0.01 | I53: =$I$48*H53 -> 0
A54: 4 | B54: INCRA (art. 15I, Lei Complementar nº 011/71) | H54: 0.002 | I54: =$I$48*H54 -> 0
A55: 5 | B55: SALÁRIO EDUCAÇÃO (art. , inc. I, Decreto nº 87.043/82) | H55: 0.025 | I55: =$I$48*H55 -> 0
A56: 6 | B56: FGTS (art. 15, Lei nº 8.036/90) | H56: 0.08 | I56: =$I$48*H56 -> 0
A57: 7 | B57: SEG. ACIDENTE DO TRABALHO 1%, 2% e 3% (art. 22, inc. II, alíneas "b" e "c", da Lei nº 8.212/91) | H57: 0.03 | I57: =$I$48*H57 -> 0
A58: 8 | B58: SEBRAE (§ 3º, art. 8º, Lei nº 8.029/90) | H58: 0.006 | I58: =$I$48*H58 -> 0
A59: Total do Grupo II | H59: =SUM(H51:H58) -> 0.368 | I59: =SUM(I51:I58) -> 0
A60: Os percentuais para o SAT podem variar de 0,50% a 6,00% em função do Fator de Acidente Previdenciário (FAP), Decreto nº 6.957/2009
A61: Deverá obrigatoriamente acompanhar a proposta de preços e a planilha de custos e formação de preços a prova do Fator Acidentário de Prevenção – FAP por meio de impressão de consulta ao site do Ministério da Previdência Social (que pode ser obtido no endereço eletrônico http://www2.dataprev.gov.br/fap/fap.htm), independentemente de alteração da alíquota da parcela do Seguro Acidente de Trabalho disposta no Quadro II da referida planilha.
A62: III | B62: Encargos Sociais - Grupo III: Tempo Não Trabalhado | H62: % | I62: Valor Mensal/unidade de serviço (R$)
A63: 1 | B63: FÉRIAS GOZADAS + ADICIONAL DE FÉRIAS | H63: 0.119314 | I63: =$I$48*H63 -> 0
A64: 2 | B64: FALTAS ABONADAS (3) | H64: 0.020479 | I64: =$I$48*H64 -> 0
A65: 3 | B65: FALTAS LEGAIS (4) | H65: 0.012123 | I65: =$I$48*H65 -> 0
A66: 4 | B66: LICENÇA MATERNIDADE | H66: 0.011436 | I66: =$I$48*H66 -> 0
A67: 5 | B67: LICENÇA PATERNIDADE | H67: 0.000174 | I67: =$I$48*H67 -> 0
A68: 6 | B68: ACIDENTE DE TRABALHO | H68: 0.000442 | I68: =$I$48*H68 -> 0
A69: 7 | B69: AVISO PRÉVIO TRABALHADO | H69: 0.000185 | I69: =$I$48*H69 -> 0
A70: 8 | B70: 13º SALÁRIO | H70: 0.09079 | I70: =$I$48*H70 -> 0
A71: Total do Grupo III | H71: =SUM(H63:H70) -> 0.254943 | I71: =SUM(I63:I70) -> 0
A72: (3) | B72: Faltas Justificadas por Auxílio Doença
A73: (4) | B73: Faltas Legais - Art. 473 CLT
A74: IV | B74: Encargos Sociais - Grupo IV: Indenizações | H74: % | I74: Valor Mensal/unidade de serviço (R$)
A75: 1 | B75: INDENIZAÇÕES | H75: 0.023627 | I75: =$I$48*H75 -> 0
A76: 2 | B76: FGTS SOBRE INDENIZAÇÕES | H76: 0.001717 | I76: =$I$48*H76 -> 0
A77: 3 | B77: INDENIZAÇÃO COMPENSATÓRIA POR DEMISSÃO SEM JUSTA CAUSA | H77: 0.009451 | I77: =$I$48*H77 -> 0
A78: Total do Grupo IV | H78: =SUM(H75:H77) -> 0.034795 | I78: =SUM(I75:I77) -> 0
A80: V | B80: Encargos Sociais - Grupo V: Incidências | H80: % | I80: Valor Mensal/unidade de serviço (R$)
A81: 1 | B81: INCIDÊNCIA GRUPO II (Obrigações Sociais) X GRUPO III (Tempo Não Trabalhado) | H81: =(H59*H71) -> 0.093819024 | I81: =$I$48*H81 -> 0
A82: Total do Grupo V | H82: =SUM(H81:H81) -> 0.093819024 | I82: =I81 -> 0
A84: TOTAL DOS ENCAGOS SOCIAIS (II + III + IV + V) | H84: =H59+H71+H78+H82 -> 0.75155702 | I84: =I59+I71+I78+I82 -> 0
A86: VI | B86: Demais custos relativos à Norma Coletiva ou Disposições Legais - Grupo VI | H86: % | I86: Valor Mensal/unidade de serviço (R$)
A87: 1 | B87: Auxílio Alimentação | H87: =I87/$I$48 -> #DIV/0! | I87: =I104 -> 0
A88: 2 | B88: Auxílio Lanche | H88: =I88/$I$48 -> #DIV/0! | I88: =I100 -> 0
A89: 3 | B89: Vale-Transporte⁽⁵⁾ | H89: =I89/$I$48 -> #DIV/0! | I89: =I96 -> 0
A90: 4 | B90: Adicional Intervalar | H90: =I90/$I$48 -> #DIV/0! | I90: =IF(I26="Não aplicável",0,((I10/H10)*1.5*I26)) -> 0
A91: 5 | B91: Outros | H91: =I91/$I$48 -> #DIV/0! | I91: =IF(I23="Não aplicável",0,I23) -> 0
A92: Total do Grupo VI | H92: =SUM(H87:H91) -> #DIV/0! | I92: =SUM(I87:I91) -> 0
A94: MEMÓRIA DE CÁLCULO DO VALE TRANSPORTE
A95: Valor Unitário | C95: Dias de Trabalho | D95: Vale p/dia | E95: Custo total | F95: Base de cálculo | G95: Percentual de desconto | H95: Valor desconto | I95: Custo efetivo
A96: =I14 -> 0 | C96: =I15 -> 15 | D96: 2 | E96: =A96*C96*D96 -> 0 | F96: =I35 -> 0 | G96: =I16 -> 0 | H96: =F96*G96 -> 0 | I96: =IF((E96-H96)>0,E96-H96,0) -> 0
A98: MEMÓRIA DE CÁLCULO DO VALE LANCHE
A99: Valor Unitário | C99: Dias por mês | D99: Vale p/dia | E99: Custo total | F99: Base de cálculo | G99: Percentual de desconto | H99: Valor desconto | I99: Custo efetivo
A100: =I20 -> 0 | C100: =I21 -> 15 | D100: 1 | E100: =A100*C100*D100 -> 0 | F100: =E100 -> 0 | G100: =I22 -> 0 | H100: =F100*G100 -> 0 | I100: =E100-H100 -> 0
A102: MEMÓRIA DE CÁLCULO DO VALE ALIMENTAÇÃO
A103: Valor Unitário | C103: Dias por mês | D103: Vale p/dia | E103: Custo total | F103: Base de cálculo | G103: Percentual de desconto | H103: =H95 -> Valor desconto | I103: Custo efetivo
A104: =I17 -> 0 | C104: =I18 -> 15 | D104: 1 | E104: =A104*C104*D104 -> 0 | F104: =E104 -> 0 | G104: =I19 -> 0 | H104: =F104*G104 -> 0 | I104: =E104-H104 -> 0
A106: TOTAL DO MONTANTE A (I + II + III+ IV + V +VI) | H106: =H48+H84+H92 -> #DIV/0! | I106: =I48+I84+I92 -> 0
A108: MONTANTE B
A109: I | B109: Despesas Diretas | H109: % | I109: Valor Mensal/unidade de serviço (R$)
A110: 1 | B110: Transporte (6) | H110: =I110/$I$121 -> #DIV/0! | I110: 0
A111: 2 | B111: Uniformes/EPI (6a) | H111: =I111/$I$121 -> #DIV/0! | I111: =IF(F119=10%,G119,0) -> 0
...

Sheet 12x36 diurno POA
A1: PLANILHA DE CUSTOS E FORMAÇÃO DE PREÇOS DE SERVIÇOS CONTINUADOS COM DEDICAÇÃO EXCLUSIVA DE MÃO DE OBRA
A2: PROCESSO: | C2: 25/0435-0021818-8 | E2: REGIME DE TRIBUTAÇÃO: LUCRO REAL e PRESUMIDO (*)
A3: Dispensa de Licitação n° | C3: 002/2026 | E3: Data de apresentação da proposta:
A5: Cargo/Função: | D5: VIGILANTE ARMADO | G5: =IF(D6="12x36","Regime de trabalho:","Quantidade de HORAS/MÊS") -> Regime de trabalho: | I5: =IF(D6="12x36",D6,5*D6) -> 12x36
A6: =IF(D6="12x36","Regime de trabalho:","Regime de trabalho (horas semanais):") -> Regime de trabalho: | D6: 12x36
A7: Convenção Coletiva de Trabalho: | G7: INSALUBRIDADE (10%, 20%, 40%) | I7: Não aplicável
A8: Origem do salário:
A9: Cidade: | D9: Porto Alegre/RS | G9: PERICULOSIDADE (30%) | I9: 0.3
A10: Salário Normativo | G10: Vlr. do salário e nº de horas correspondentes | H10: 220
A11: ISS | H11: Alíquota
A12: Adicional Troca de Uniforme (somente para postos de vigilantes que prevêm pagamento para troca de uniforme na CCT) | G12: CCT | H12: Valor
A13: Quantidade de dias trabalhados no mês | I13: 15
A14: Tarifa Transporte | G14: CCT | H14: Vr. Unitário
H15: Dias | I15: =I13 -> 15
H16: Desconto
A17: Auxílio Alimentação | G17: CCT | H17: Vr. Unitário
H18: Dias | I18: =I13 -> 15
H19: Desconto
A20: Auxílio Lanche | G20: CCT | H20: Vr. Unitário
H21: Dias
H22: Desconto
A23: Outros benefícios que refletem na planilha de custos, caso constem na CCT | G23: CCT | H23: Valor mensal
A24: Adicional de Supervisor | H24: Porcentagem | I24: Não aplicável
A25: Base de cálculo da insalubridade | H25: Valor | I25: Não aplicável
A26: Hora Intervalar | H26: Horas por mês | I26: 15
A27: Sem fornecimento de materiais ou apenas fornecimento de EPIs ou uniformes, utilizar 10%. Com fornecimento de materiais ou equipamentos, utilizar 20%. | H27: Porcentagem | I27: 0.2
A29: MONTANTE A
A30: I | B30: Remuneração - Grupo I | H30: % | I30: Valor Mensal/unidade de serviço (R$)
A31: 1 | B31: Salário | H31: =I31/$I$41 -> #DIV/0! | I31: =IF(D6="12x36",I10,I10/H10*I5) -> 0
A32: =A31+1 -> 2 | B32: Adicional Periculosidade 30% | H32: =I32/$I$41 -> #DIV/0! | I32: =IF(I9=30%,(I31+I38+I39)*I9,0) -> 0
A33: =A32+1 -> 3 | B33: Adicional Insalubridade 10% (Ver súmula 228 e 139 TST) | H33: =I33/$I$41 -> #DIV/0! | I33: =IF(I7=10%,I25*I7,0) -> 0
A34: =A33+1 -> 4 | B34: Adicional Insalubridade 20% (Ver súmula 228 e 139 TST) | H34: =I34/$I$41 -> #DIV/0! | I34: =IF(I7=20%,I25*I7,0) -> 0
A35: =A34+1 -> 5 | B35: Adicional Insalubridade 40% (Ver súmula 228 e 139 TST) | H35: =I35/$I$41 -> #DIV/0! | I35: =IF(I7=40%,I25*I7,0) -> 0
A36: =A35+1 -> 6 | B36: Adicional de Supervisor (IN 02/2008 MPOG SLTI) | H36: =I36/$I$41 -> #DIV/0! | I36: =IF(I24="Não aplicável",0,I31*I24) -> 0
A37: =A36+1 -> 7 | B37: DSR - Descanso Semanal Remunerado | H37: =I37/$I$41 -> #DIV/0! | I37: 0
A38: =A37+1 -> 8 | B38: Adicional Troca de Uniforme | H38: =I38/$I$41 -> #DIV/0! | I38: =I12*I13 -> 0
A39: =A38+1 -> 9 | B39: Integração RSF (20% sobre Ad.Troca de Uniforme - somente para vigilantes) | H39: =I39/$I$41 -> #DIV/0! | I39: =I38*20% -> 0
A40: =A39+1 -> 10 | B40: =IF(D6="12x36","Para postos 12x36 os feriados são considerados compensados, conforme parágrafo único, Art. 59-A da CLT","Outros") -> Para postos 12x36 os feriados são considerados compensados, conforme parágrafo único, Art. 59-A da CLT | H40: =I40/$I$41 -> #DIV/0! | I40: 0
A41: Total de Remuneração | H41: =SUM(H31:H40) -> #DIV/0! | I41: =SUM(I31:I40) -> 0
A43: II | B43: Encargos Sociais - Grupo II: Obrigações Sociais | H43: % | I43: Valor Mensal/unidade de serviço (R$)
A44: 1 | B44: INSS (art. 22, inc. I, Lei nº 8.212/91) | H44: 0.2 | I44: =$I$41*H44 -> 0
A45: 2 | B45: SESI ou SESC (art. 30, Lei nº 8.036/90) | H45: 0.015 | I45: =$I$41*H45 -> 0
A46: 3 | B46: SENAI ou SENAC (Decreto-Lei nº 2.318/86) | H46: 0.01 | I46: =$I$41*H46 -> 0
A47: 4 | B47: INCRA (art. 15I, Lei Complementar nº 011/71) | H47: 0.002 | I47: =$I$41*H47 -> 0
A48: 5 | B48: SALÁRIO EDUCAÇÃO (art. , inc. I, Decreto nº 87.043/82) | H48: 0.025 | I48: =$I$41*H48 -> 0
A49: 6 | B49: FGTS (art. 15, Lei nº 8.036/90) | H49: 0.08 | I49: =$I$41*H49 -> 0
A50: 7 | B50: SEG. ACIDENTE DO TRABALHO 1%, 2% e 3% (art. 22, inc. II, alíneas "b" e "c", da Lei nº 8.212/91) | H50: 0.03 | I50: =$I$41*H50 -> 0
A51: 8 | B51: SEBRAE (§ 3º, art. 8º, Lei nº 8.029/90) | H51: 0.006 | I51: =$I$41*H51 -> 0
A52: Total do Grupo II | H52: =SUM(H44:H51) -> 0.368 | I52: =SUM(I44:I51) -> 0
A53: Os percentuais para o SAT podem variar de 0,50% a 6,00% em função do Fator de Acidente Previdenciário (FAP), Decreto nº 6.957/2009
A54: Deverá obrigatoriamente acompanhar a proposta de preços e a planilha de custos e formação de preços a prova do Fator Acidentário de Prevenção – FAP por meio de impressão de consulta ao site do Ministério da Previdência Social (que pode ser obtido no endereço eletrônico http://www2.dataprev.gov.br/fap/fap.htm), independentemente de alteração da alíquota da parcela do Seguro Acidente de Trabalho disposta no Quadro II da referida planilha.
A55: III | B55: Encargos Sociais - Grupo III: Tempo Não Trabalhado | H55: % | I55: Valor Mensal/unidade de serviço (R$)
A56: 1 | B56: FÉRIAS GOZADAS + ADICIONAL DE FÉRIAS | H56: 0.119314 | I56: =$I$41*H56 -> 0
A57: 2 | B57: FALTAS ABONADAS (3) | H57: 0.020479 | I57: =$I$41*H57 -> 0
A58: 3 | B58: FALTAS LEGAIS (4) | H58: 0.012123 | I58: =$I$41*H58 -> 0
A59: 4 | B59: LICENÇA MATERNIDADE | H59: 0.011436 | I59: =$I$41*H59 -> 0
A60: 5 | B60: LICENÇA PATERNIDADE | H60: 0.000174 | I60: =$I$41*H60 -> 0
A61: 6 | B61: ACIDENTE DE TRABALHO | H61: 0.000442 | I61: =$I$41*H61 -> 0
A62: 7 | B62: AVISO PRÉVIO TRABALHADO | H62: 0.000185 | I62: =$I$41*H62 -> 0
A63: 8 | B63: 13º SALÁRIO | H63: 0.09079 | I63: =$I$41*H63 -> 0
A64: Total do Grupo III | H64: =SUM(H56:H63) -> 0.254943 | I64: =SUM(I56:I63) -> 0
A65: (3) | B65: Faltas Justificadas por Auxílio Doença
A66: (4) | B66: Faltas Legais - Art. 473 CLT
A67: IV | B67: Encargos Sociais - Grupo IV: Indenizações | H67: % | I67: Valor Mensal/unidade de serviço (R$)
A68: 1 | B68: INDENIZAÇÕES | H68: 0.023627 | I68: =$I$41*H68 -> 0
A69: 2 | B69: FGTS SOBRE INDENIZAÇÕES | H69: 0.001717 | I69: =$I$41*H69 -> 0
A70: 3 | B70: INDENIZAÇÃO COMPENSATÓRIA POR DEMISSÃO SEM JUSTA CAUSA | H70: 0.009451 | I70: =$I$41*H70 -> 0
A71: Total do Grupo IV | H71: =SUM(H68:H70) -> 0.034795 | I71: =SUM(I68:I70) -> 0
A73: V | B73: Encargos Sociais - Grupo V: Incidências | H73: % | I73: Valor Mensal/unidade de serviço (R$)
A74: 1 | B74: INCIDÊNCIA GRUPO II (Obrigações Sociais) X GRUPO III (Tempo Não Trabalhado) | H74: =(H52*H64) -> 0.093819024 | I74: =$I$41*H74 -> 0
A75: Total do Grupo V | H75: =SUM(H74:H74) -> 0.093819024 | I75: =I74 -> 0
A77: TOTAL DOS ENCAGOS SOCIAIS (II + III + IV + V) | H77: =H52+H64+H71+H75 -> 0.75155702 | I77: =I52+I64+I71+I75 -> 0
A79: VI | B79: Demais custos relativos à Norma Coletiva ou Disposições Legais - Grupo VI | H79: % | I79: Valor Mensal/unidade de serviço (R$)
A80: 1 | B80: Auxílio Alimentação | H80: =I80/$I$41 -> #DIV/0! | I80: =I97 -> 0
A81: 2 | B81: Auxílio Lanche | H81: =I81/$I$41 -> #DIV/0! | I81: =I93 -> 0
A82: 3 | B82: Vale-Transporte⁽⁵⁾ | H82: =I82/$I$41 -> #DIV/0! | I82: =I89 -> 0
A83: 4 | B83: Adicional Intervalar | H83: =I83/$I$41 -> #DIV/0! | I83: =IF(I26="Não aplicável",0,((I10/H10)*1.5*I26)) -> 0
A84: 5 | B84: Outros | H84: =I84/$I$41 -> #DIV/0! | I84: =IF(I23="Não aplicável",0,I23) -> 0
A85: Total do Grupo VI | H85: =SUM(H80:H84) -> #DIV/0! | I85: =SUM(I80:I84) -> 0
A86: (5) | B86: O valor do vale-transporte pode variar de acordo com o modal fornecido pelo empregador.
A87: MEMÓRIA DE CÁLCULO DO VALE TRANSPORTE
A88: Valor Unitário | C88: Dias de Trabalho | D88: Vale p/dia | E88: Custo total | F88: Base de cálculo | G88: Percentual de desconto | H88: Valor desconto | I88: Custo efetivo
A89: =I14 -> 0 | C89: =I15 -> 15 | D89: 2 | E89: =A89*C89*D89 -> 0 | F89: =I31 -> 0 | G89: =I16 -> 0 | H89: =F89*G89 -> 0 | I89: =IF((E89-H89)>0,E89-H89,0) -> 0
A91: MEMÓRIA DE CÁLCULO DO VALE LANCHE
A92: Valor Unitário | C92: Dias por mês | D92: Vale p/dia | E92: Custo total | F92: Base de cálculo | G92: Percentual de desconto | H92: Valor desconto | I92: Custo efetivo
A93: =I20 -> 0 | C93: =I21 -> 0 | D93: 1 | E93: =A93*C93*D93 -> 0 | F93: =E93 -> 0 | G93: =I22 -> 0 | H93: =F93*G93 -> 0 | I93: =E93-H93 -> 0
A95: MEMÓRIA DE CÁLCULO DO VALE ALIMENTAÇÃO
A96: Valor Unitário | C96: Dias por mês | D96: Vale p/dia | E96: Custo total | F96: Base de cálculo | G96: Percentual de desconto | H96: =H88 -> Valor desconto | I96: Custo efetivo
A97: =I17 -> 0 | C97: =I18 -> 15 | D97: 1 | E97: =A97*C97*D97 -> 0 | F97: =E97 -> 0 | G97: =I19 -> 0 | H97: =F97*G97 -> 0 | I97: =E97-H97 -> 0
A99: TOTAL DO MONTANTE A (I + II + III+ IV + V +VI) | H99: =H41+H77+H85 -> #DIV/0! | I99: =I41+I77+I85 -> 0
A101: MONTANTE B
A102: I | B102: Despesas Diretas | H102: % | I102: Valor Mensal/unidade de serviço (R$)
A103: 1 | B103: Transporte (6) | H103: =I103/$I$114 -> #DIV/0! | I103: 0
A104: 2 | B104: Uniformes/EPI (6a) | H104: =I104/$I$114 -> #DIV/0! | I104: =IF(F112=10%,G112,0) -> 0
A105: 3 | B105: Seguro de vida | H105: =I105/$I$114 -> #DIV/0! | I105: 0
A106: 4 | B106: Materiais/Equipamentos | H106: =I106/$I$114 -> #DIV/0! | I106: 0
A107: 5 | B107: Mobilização (7) | H107: =I107/$I$114 -> #DIV/0! | I107: 0
A108: 6 | B108: Outros (especificar) | H108: =I108/$I$114 -> #DIV/0! | I108: 0
A109: Total de Despesas Diretas | H109: =H103+H104+H105+H106+H107+H108 -> #DIV/0! | I109: =SUM(I103:I108) -> 0
B110: (6) Somente será preenchido quando o licitante fornecer transporte próprio (6a) EPI - Equipamento de Proteção Individual (7) Tais custos de mobilização não são renováveis, devendo ser eliminados após o primeiro ano de contrato caso haja prorrogação
...

Sheet 12x36 noturno POA
A1: PLANILHA DE CUSTOS E FORMAÇÃO DE PREÇOS DE SERVIÇOS CONTINUADOS COM DEDICAÇÃO EXCLUSIVA DE MÃO DE OBRA
A2: PROCESSO: | C2: 25/0435-0021818-8 | E2: REGIME DE TRIBUTAÇÃO: LUCRO REAL e PRESUMIDO (*)
A3: Dispensa de Licitação n° | C3: 002/2026 | E3: Data de apresentação da proposta:
A5: Cargo/Função: | D5: VIGILANTE ARMADO | G5: =IF(D6="12x36","Regime de trabalho:","Quantidade de HORAS/MÊS") -> Regime de trabalho: | I5: =IF(D6="12x36",D6,5*D6) -> 12x36
A6: =IF(D6="12x36","Regime de trabalho:","Regime de trabalho (horas semanais):") -> Regime de trabalho: | D6: 12x36
A7: Convenção Coletiva de Trabalho: | G7: INSALUBRIDADE (10%, 20%, 40%) | I7: Não aplicável
A8: Origem do salário:
A9: Cidade: | D9: Porto Alegre/RS | G9: PERICULOSIDADE (30%) | I9: 0.3
A10: Salário Normativo | G10: Vlr. do salário e nº de horas correspondentes | H10: 220
A11: ISS | G11: =D9 -> Porto Alegre/RS | H11: Alíquota
A12: Adicional Troca de Uniforme (somente para postos de vigilantes que prevêm pagamento para troca de uniforme na CCT) | G12: CCT | H12: Valor
A13: Quantidade de dias trabalhados no mês | I13: 15
A14: Tarifa Transporte | G14: CCT | H14: Vr. Unitário
H15: Dias | I15: =I13 -> 15
H16: Desconto
A17: Vale Alimentação | G17: CCT | H17: Vr. Unitário
H18: Dias | I18: =I13 -> 15
H19: Desconto
A20: Auxílio Lanche | G20: CCT | H20: Vr. Unitário
H21: Dias
H22: Desconto
A23: Outros benefícios que refletem na planilha de custos, caso constem na CCT | G23: CCT | H23: Valor mensal
A24: Adicional de Supervisor | H24: Porcentagem | I24: Não aplicável
A25: Base de cálculo da insalubridade | H25: Valor | I25: Não aplicável
A26: Hora Intervalar | H26: Horas por mês | I26: 15
A27: Sem fornecimento de materiais ou apenas fornecimento de EPIs ou uniformes, utilizar 10%. Com fornecimento de materiais ou equipamentos, utilizar 20%. | H27: Porcentagem | I27: 0.2
A28: Adicional Noturno: Horas: [(60/52,5) x Nº de horas noturnas diárias] x Nº de dias trabalhados com hora noturna Valor hora: (vlr. do salário/nº de horas correspondente do salário) x 20% (noturno) | G28: CCT | H28: Nº horas | I28: =((60/52.5)*7)*15 -> 120
H29: Vr. Hora | I29: =I10/H10*20% -> 0
A30: Reduzida Noturna Horas Reduzidas: 60/52,5=1,143 x 7h noturnas = 8h noturnas 5h diurnas + 8h noturnas = 13h X 15 dias = 195 horas mensais 195h - 190,67 = 4,33 horas Valor hora: (vlr. do salário/nº de horas correspondente do salário) x 150% (H.Extra) | G30: CCT | H30: Nº horas | I30: =((5+7+1)*15)-190.67 -> 4.33
H31: Vr. Hora | I31: =(I10/H10)*1.5 -> 0
A33: MONTANTE A
A34: I | B34: Remuneração - Grupo I | H34: % | I34: Valor Mensal/unidade de serviço (R$)
A35: 1 | B35: Salário | H35: =I35/$I$48 -> #DIV/0! | I35: =IF(D6="12x36",I10,I10/H10*I5) -> 0
A36: =A35+1 -> 2 | B36: Adicional Noturno 20% (Ver súmula 60 TST) | H36: =I36/$I$48 -> #DIV/0! | I36: 0
A37: =A36+1 -> 3 | B37: Adicional Periculosidade 30% | H37: =I37/$I$48 -> #DIV/0! | I37: =IF(I9=30%,(I35+I45+I42+I43+I44+I46)*I9,0) -> 0
A38: =A37+1 -> 4 | B38: Adicional Insalubridade 10% (Ver súmula 228 e 139 TST) | H38: =I38/$I$48 -> #DIV/0! | I38: =IF(I7=10%,I25*I7,0) -> 0
A39: =A38+1 -> 5 | B39: Adicional Insalubridade 20% (Ver súmula 228 e 139 TST) | H39: =I39/$I$48 -> #DIV/0! | I39: =IF(I7=20%,I25*I7,0) -> 0
A40: =A39+1 -> 6 | B40: Adicional Insalubridade 40% (Ver súmula 228 e 139 TST) | H40: =I40/$I$48 -> #DIV/0! | I40: =IF(I7=40%,I25*I7,0) -> 0
A41: =A40+1 -> 7 | B41: Adicional de Supervisor (IN 02/2008 MPOG SLTI) | H41: =I41/$I$48 -> #DIV/0! | I41: =IF(I24="Não aplicável",0,I35*I24) -> 0
A42: =A41+1 -> 8 | B42: Reduzida Noturna | H42: =I42/$I$48 -> #DIV/0! | I42: =I30*I31 -> 0
A43: =A42+1 -> 9 | B43: Adicional Noturno | H43: =I43/$I$48 -> #DIV/0! | I43: =I28*I29 -> 0
A44: =A43+1 -> 10 | B44: Integração RSRF (20%) sobre H. Extra Red. Noturna e Adic Noturno = [Reduzida Noturna + Adic. Noturno]*[Descanso Semanal Remunerado] (20%) | H44: =I44/$I$48 -> #DIV/0! | I44: =(I42+I43)*0.2 -> 0
B45: Adicional Troca de Uniforme | H45: =I45/$I$48 -> #DIV/0! | I45: =I12*I13 -> 0
B46: Integração RSF (20% sobre Ad.Troca de Uniforme) | H46: =I46/$I$48 -> #DIV/0! | I46: =I45*20% -> 0
A47: =A44+1 -> 11 | B47: =IF(D6="12x36","Para postos 12x36 os feriados são considerados compensados, conforme parágrafo único, Art. 59-A da CLT","Outros") -> Para postos 12x36 os feriados são considerados compensados, conforme parágrafo único, Art. 59-A da CLT | H47: =I47/$I$48 -> #DIV/0! | I47: 0
A48: Total de Remuneração | H48: =SUM(H35:H47) -> #DIV/0! | I48: =SUM(I35:I47) -> 0
A50: II | B50: Encargos Sociais - Grupo II: Obrigações Sociais | H50: % | I50: Valor Mensal/unidade de serviço (R$)
A51: 1 | B51: INSS (art. 22, inc. I, Lei nº 8.212/91) | H51: 0.2 | I51: =$I$48*H51 -> 0
A52: 2 | B52: SESI ou SESC (art. 30, Lei nº 8.036/90) | H52: 0.015 | I52: =$I$48*H52 -> 0
A53: 3 | B53: SENAI ou SENAC (Decreto-Lei nº 2.318/86) | H53: 0.01 | I53: =$I$48*H53 -> 0
A54: 4 | B54: INCRA (art. 15I, Lei Complementar nº 011/71) | H54: 0.002 | I54: =$I$48*H54 -> 0
A55: 5 | B55: SALÁRIO EDUCAÇÃO (art. , inc. I, Decreto nº 87.043/82) | H55: 0.025 | I55: =$I$48*H55 -> 0
A56: 6 | B56: FGTS (art. 15, Lei nº 8.036/90) | H56: 0.08 | I56: =$I$48*H56 -> 0
A57: 7 | B57: SEG. ACIDENTE DO TRABALHO 1%, 2% e 3% (art. 22, inc. II, alíneas "b" e "c", da Lei nº 8.212/91) | H57: 0.03 | I57: =$I$48*H57 -> 0
A58: 8 | B58: SEBRAE (§ 3º, art. 8º, Lei nº 8.029/90) | H58: 0.006 | I58: =$I$48*H58 -> 0
A59: Total do Grupo II | H59: =SUM(H51:H58) -> 0.368 | I59: =SUM(I51:I58) -> 0
A60: Os percentuais para o SAT podem variar de 0,50% a 6,00% em função do Fator de Acidente Previdenciário (FAP), Decreto nº 6.957/2009
A61: Deverá obrigatoriamente acompanhar a proposta de preços e a planilha de custos e formação de preços a prova do Fator Acidentário de Prevenção – FAP por meio de impressão de consulta ao site do Ministério da Previdência Social (que pode ser obtido no endereço eletrônico http://www2.dataprev.gov.br/fap/fap.htm), independentemente de alteração da alíquota da parcela do Seguro Acidente de Trabalho disposta no Quadro II da referida planilha.
A62: III | B62: Encargos Sociais - Grupo III: Tempo Não Trabalhado | H62: % | I62: Valor Mensal/unidade de serviço (R$)
A63: 1 | B63: FÉRIAS GOZADAS + ADICIONAL DE FÉRIAS | H63: 0.119314 | I63: =$I$48*H63 -> 0
A64: 2 | B64: FALTAS ABONADAS (3) | H64: 0.020479 | I64: =$I$48*H64 -> 0
A65: 3 | B65: FALTAS LEGAIS (4) | H65: 0.012123 | I65: =$I$48*H65 -> 0
A66: 4 | B66: LICENÇA MATERNIDADE | H66: 0.011436 | I66: =$I$48*H66 -> 0
A67: 5 | B67: LICENÇA PATERNIDADE | H67: 0.000174 | I67: =$I$48*H67 -> 0
A68: 6 | B68: ACIDENTE DE TRABALHO | H68: 0.000442 | I68: =$I$48*H68 -> 0
A69: 7 | B69: AVISO PRÉVIO TRABALHADO | H69: 0.000185 | I69: =$I$48*H69 -> 0
A70: 8 | B70: 13º SALÁRIO | H70: 0.09079 | I70: =$I$48*H70 -> 0
A71: Total do Grupo III | H71: =SUM(H63:H70) -> 0.254943 | I71: =SUM(I63:I70) -> 0
A72: (3) | B72: Faltas Justificadas por Auxílio Doença
A73: (4) | B73: Faltas Legais - Art. 473 CLT
A74: IV | B74: Encargos Sociais - Grupo IV: Indenizações | H74: % | I74: Valor Mensal/unidade de serviço (R$)
A75: 1 | B75: INDENIZAÇÕES | H75: 0.023627 | I75: =$I$48*H75 -> 0
A76: 2 | B76: FGTS SOBRE INDENIZAÇÕES | H76: 0.001717 | I76: =$I$48*H76 -> 0
A77: 3 | B77: INDENIZAÇÃO COMPENSATÓRIA POR DEMISSÃO SEM JUSTA CAUSA | H77: 0.009451 | I77: =$I$48*H77 -> 0
A78: Total do Grupo IV | H78: =SUM(H75:H77) -> 0.034795 | I78: =SUM(I75:I77) -> 0
A80: V | B80: Encargos Sociais - Grupo V: Incidências | H80: % | I80: Valor Mensal/unidade de serviço (R$)
A81: 1 | B81: INCIDÊNCIA GRUPO II (Obrigações Sociais) X GRUPO III (Tempo Não Trabalhado) | H81: =(H59*H71) -> 0.093819024 | I81: =$I$48*H81 -> 0
A82: Total do Grupo V | H82: =SUM(H81:H81) -> 0.093819024 | I82: =I81 -> 0
A84: TOTAL DOS ENCAGOS SOCIAIS (II + III + IV + V) | H84: =H59+H71+H78+H82 -> 0.75155702 | I84: =I59+I71+I78+I82 -> 0
A86: VI | B86: Demais custos relativos à Norma Coletiva ou Disposições Legais - Grupo VI | H86: % | I86: Valor Mensal/unidade de serviço (R$)
A87: 1 | B87: Auxílio Alimentação | H87: =I87/$I$48 -> #DIV/0! | I87: =I104 -> 0
A88: 2 | B88: Auxílio Lanche | H88: =I88/$I$48 -> #DIV/0! | I88: =I100 -> 0
A89: 3 | B89: Vale-Transporte⁽⁵⁾ | H89: =I89/$I$48 -> #DIV/0! | I89: =I96 -> 0
A90: 4 | B90: Adicional Intervalar | H90: =I90/$I$48 -> #DIV/0! | I90: =IF(I26="Não aplicável",0,((I10/H10)*1.5*I26)) -> 0
A91: 5 | B91: Outros | H91: =I91/$I$48 -> #DIV/0! | I91: =IF(I23="Não aplicável",0,I23) -> 0
A92: Total do Grupo VI | H92: =SUM(H87:H91) -> #DIV/0! | I92: =SUM(I87:I91) -> 0
A94: MEMÓRIA DE CÁLCULO DO VALE TRANSPORTE
A95: Valor Unitário | C95: Dias de Trabalho | D95: Vale p/dia | E95: Custo total | F95: Base de cálculo | G95: Percentual de desconto | H95: Valor desconto | I95: Custo efetivo
A96: =I14 -> 0 | C96: =I15 -> 15 | D96: 2 | E96: =A96*C96*D96 -> 0 | F96: =I35 -> 0 | G96: =I16 -> 0 | H96: =F96*G96 -> 0 | I96: =IF((E96-H96)>0,E96-H96,0) -> 0
A98: MEMÓRIA DE CÁLCULO DO VALE LANCHE
A99: Valor Unitário | C99: Dias por mês | D99: Vale p/dia | E99: Custo total | F99: Base de cálculo | G99: Percentual de desconto | H99: Valor desconto | I99: Custo efetivo
A100: =I20 -> 0 | C100: =I21 -> 0 | D100: 1 | E100: =A100*C100*D100 -> 0 | F100: =E100 -> 0 | G100: =I22 -> 0 | H100: =F100*G100 -> 0 | I100: =E100-H100 -> 0
A102: MEMÓRIA DE CÁLCULO DO VALE ALIMENTAÇÃO
A103: Valor Unitário | C103: Dias por mês | D103: Vale p/dia | E103: Custo total | F103: Base de cálculo | G103: Percentual de desconto | H103: =H95 -> Valor desconto | I103: Custo efetivo
A104: =I17 -> 0 | C104: =I18 -> 15 | D104: 1 | E104: =A104*C104*D104 -> 0 | F104: =E104 -> 0 | G104: =I19 -> 0 | H104: =F104*G104 -> 0 | I104: =E104-H104 -> 0
A106: TOTAL DO MONTANTE A (I + II + III+ IV + V +VI) | H106: =H48+H84+H92 -> #DIV/0! | I106: =I48+I84+I92 -> 0
A108: MONTANTE B
A109: I | B109: Despesas Diretas | H109: % | I109: Valor Mensal/unidade de serviço (R$)
A110: 1 | B110: Transporte (6) | H110: =I110/$I$121 -> #DIV/0! | I110: 0
A111: 2 | B111: Uniformes/EPI (6a) | H111: =I111/$I$121 -> #DIV/0! | I111: =IF(F119=10%,G119,0) -> 0
...

Sheet 12x36 diurno Guaiba
A1: PLANILHA DE CUSTOS E FORMAÇÃO DE PREÇOS DE SERVIÇOS CONTINUADOS COM DEDICAÇÃO EXCLUSIVA DE MÃO DE OBRA
A2: PROCESSO: | C2: 25/0435-0021818-8 | E2: REGIME DE TRIBUTAÇÃO: LUCRO REAL e PRESUMIDO (*)
A3: Dispensa de Licitação n° | C3: 002/2026 | E3: Data de apresentação da proposta:
A5: Cargo/Função: | D5: VIGILANTE ARMADO | G5: =IF(D6="12x36","Regime de trabalho:","Quantidade de HORAS/MÊS") -> Regime de trabalho: | I5: =IF(D6="12x36",D6,5*D6) -> 12x36
A6: =IF(D6="12x36","Regime de trabalho:","Regime de trabalho (horas semanais):") -> Regime de trabalho: | D6: 12x36
A7: Convenção Coletiva de Trabalho: | G7: INSALUBRIDADE (10%, 20%, 40%) | I7: Não aplicável
A8: Origem do salário:
A9: Cidade: | D9: Guaíba/RS | G9: PERICULOSIDADE (30%) | I9: 0.3
A10: Salário Normativo | G10: Vlr. do salário e nº de horas correspondentes | H10: 220
A11: ISS | H11: Alíquota
A12: Adicional Troca de Uniforme (somente para postos de vigilantes que prevêm pagamento para troca de uniforme na CCT) | G12: CCT | H12: Valor
A13: Quantidade de dias trabalhados no mês | I13: 15
A14: Tarifa Transporte | G14: CCT | H14: Vr. Unitário
H15: Dias | I15: =I13 -> 15
H16: Desconto
A17: Auxílio Alimentação | G17: CCT | H17: Vr. Unitário
H18: Dias | I18: =I13 -> 15
H19: Desconto
A20: Auxílio Lanche | G20: CCT | H20: Vr. Unitário
H21: Dias
H22: Desconto
A23: Outros benefícios que refletem na planilha de custos, caso constem na CCT | G23: CCT | H23: Valor mensal
A24: Adicional de Supervisor | H24: Porcentagem | I24: Não aplicável
A25: Base de cálculo da insalubridade | H25: Valor | I25: Não aplicável
A26: Hora Intervalar | H26: Horas por mês | I26: 15
A27: Sem fornecimento de materiais ou apenas fornecimento de EPIs ou uniformes, utilizar 10%. Com fornecimento de materiais ou equipamentos, utilizar 20%. (Decreto 52.768/2015, alterado pelo Decreto 53.424/2017) | H27: Porcentagem | I27: 0.2
A29: MONTANTE A
A30: I | B30: Remuneração - Grupo I | H30: % | I30: Valor Mensal/unidade de serviço (R$)
A31: 1 | B31: Salário | H31: =I31/$I$41 -> #DIV/0! | I31: =IF(D6="12x36",I10,I10/H10*I5) -> 0
A32: =A31+1 -> 2 | B32: Adicional Periculosidade 30% | H32: =I32/$I$41 -> #DIV/0! | I32: =IF(I9=30%,(I31+I38+I39)*I9,0) -> 0
A33: =A32+1 -> 3 | B33: Adicional Insalubridade 10% (Ver súmula 228 e 139 TST) | H33: =I33/$I$41 -> #DIV/0! | I33: =IF(I7=10%,I25*I7,0) -> 0
A34: =A33+1 -> 4 | B34: Adicional Insalubridade 20% (Ver súmula 228 e 139 TST) | H34: =I34/$I$41 -> #DIV/0! | I34: =IF(I7=20%,I25*I7,0) -> 0
A35: =A34+1 -> 5 | B35: Adicional Insalubridade 40% (Ver súmula 228 e 139 TST) | H35: =I35/$I$41 -> #DIV/0! | I35: =IF(I7=40%,I25*I7,0) -> 0
A36: =A35+1 -> 6 | B36: Adicional de Supervisor (IN 02/2008 MPOG SLTI) | H36: =I36/$I$41 -> #DIV/0! | I36: =IF(I24="Não aplicável",0,I31*I24) -> 0
A37: =A36+1 -> 7 | B37: DSR - Descanso Semanal Remunerado | H37: =I37/$I$41 -> #DIV/0! | I37: 0
A38: =A37+1 -> 8 | B38: Adicional Troca de Uniforme | H38: =I38/$I$41 -> #DIV/0! | I38: =I12*I13 -> 0
A39: =A38+1 -> 9 | B39: Integração RSF (20% sobre Ad.Troca de Uniforme - somente para vigilantes) | H39: =I39/$I$41 -> #DIV/0! | I39: =I38*20% -> 0
A40: =A39+1 -> 10 | B40: =IF(D6="12x36","Para postos 12x36 os feriados são considerados compensados, conforme parágrafo único, Art. 59-A da CLT","Outros") -> Para postos 12x36 os feriados são considerados compensados, conforme parágrafo único, Art. 59-A da CLT | H40: =I40/$I$41 -> #DIV/0! | I40: 0
A41: Total de Remuneração | H41: =SUM(H31:H40) -> #DIV/0! | I41: =SUM(I31:I40) -> 0
A43: II | B43: Encargos Sociais - Grupo II: Obrigações Sociais | H43: % | I43: Valor Mensal/unidade de serviço (R$)
A44: 1 | B44: INSS (art. 22, inc. I, Lei nº 8.212/91) | H44: 0.2 | I44: =$I$41*H44 -> 0
A45: 2 | B45: SESI ou SESC (art. 30, Lei nº 8.036/90) | H45: 0.015 | I45: =$I$41*H45 -> 0
A46: 3 | B46: SENAI ou SENAC (Decreto-Lei nº 2.318/86) | H46: 0.01 | I46: =$I$41*H46 -> 0
A47: 4 | B47: INCRA (art. 15I, Lei Complementar nº 011/71) | H47: 0.002 | I47: =$I$41*H47 -> 0
A48: 5 | B48: SALÁRIO EDUCAÇÃO (art. , inc. I, Decreto nº 87.043/82) | H48: 0.025 | I48: =$I$41*H48 -> 0
A49: 6 | B49: FGTS (art. 15, Lei nº 8.036/90) | H49: 0.08 | I49: =$I$41*H49 -> 0
A50: 7 | B50: SEG. ACIDENTE DO TRABALHO 1%, 2% e 3% (art. 22, inc. II, alíneas "b" e "c", da Lei nº 8.212/91) | H50: 0.03 | I50: =$I$41*H50 -> 0
A51: 8 | B51: SEBRAE (§ 3º, art. 8º, Lei nº 8.029/90) | H51: 0.006 | I51: =$I$41*H51 -> 0
A52: Total do Grupo II | H52: =SUM(H44:H51) -> 0.368 | I52: =SUM(I44:I51) -> 0
A53: Os percentuais para o SAT podem variar de 0,50% a 6,00% em função do Fator de Acidente Previdenciário (FAP), Decreto nº 6.957/2009
A54: Deverá obrigatoriamente acompanhar a proposta de preços e a planilha de custos e formação de preços a prova do Fator Acidentário de Prevenção – FAP por meio de impressão de consulta ao site do Ministério da Previdência Social (que pode ser obtido no endereço eletrônico http://www2.dataprev.gov.br/fap/fap.htm), independentemente de alteração da alíquota da parcela do Seguro Acidente de Trabalho disposta no Quadro II da referida planilha.
A55: III | B55: Encargos Sociais - Grupo III: Tempo Não Trabalhado | H55: % | I55: Valor Mensal/unidade de serviço (R$)
A56: 1 | B56: FÉRIAS GOZADAS + ADICIONAL DE FÉRIAS | H56: 0.119314 | I56: =$I$41*H56 -> 0
A57: 2 | B57: FALTAS ABONADAS (3) | H57: 0.020479 | I57: =$I$41*H57 -> 0
A58: 3 | B58: FALTAS LEGAIS (4) | H58: 0.012123 | I58: =$I$41*H58 -> 0
A59: 4 | B59: LICENÇA MATERNIDADE | H59: 0.011436 | I59: =$I$41*H59 -> 0
A60: 5 | B60: LICENÇA PATERNIDADE | H60: 0.000174 | I60: =$I$41*H60 -> 0
A61: 6 | B61: ACIDENTE DE TRABALHO | H61: 0.000442 | I61: =$I$41*H61 -> 0
A62: 7 | B62: AVISO PRÉVIO TRABALHADO | H62: 0.000185 | I62: =$I$41*H62 -> 0
A63: 8 | B63: 13º SALÁRIO | H63: 0.09079 | I63: =$I$41*H63 -> 0
A64: Total do Grupo III | H64: =SUM(H56:H63) -> 0.254943 | I64: =SUM(I56:I63) -> 0
A65: (3) | B65: Faltas Justificadas por Auxílio Doença
A66: (4) | B66: Faltas Legais - Art. 473 CLT
A67: IV | B67: Encargos Sociais - Grupo IV: Indenizações | H67: % | I67: Valor Mensal/unidade de serviço (R$)
A68: 1 | B68: INDENIZAÇÕES | H68: 0.023627 | I68: =$I$41*H68 -> 0
A69: 2 | B69: FGTS SOBRE INDENIZAÇÕES | H69: 0.001717 | I69: =$I$41*H69 -> 0
A70: 3 | B70: INDENIZAÇÃO COMPENSATÓRIA POR DEMISSÃO SEM JUSTA CAUSA | H70: 0.009451 | I70: =$I$41*H70 -> 0
A71: Total do Grupo IV | H71: =SUM(H68:H70) -> 0.034795 | I71: =SUM(I68:I70) -> 0
A73: V | B73: Encargos Sociais - Grupo V: Incidências | H73: % | I73: Valor Mensal/unidade de serviço (R$)
A74: 1 | B74: INCIDÊNCIA GRUPO II (Obrigações Sociais) X GRUPO III (Tempo Não Trabalhado) | H74: =(H52*H64) -> 0.093819024 | I74: =$I$41*H74 -> 0
A75: Total do Grupo V | H75: =SUM(H74:H74) -> 0.093819024 | I75: =I74 -> 0
A77: TOTAL DOS ENCAGOS SOCIAIS (II + III + IV + V) | H77: =H52+H64+H71+H75 -> 0.75155702 | I77: =I52+I64+I71+I75 -> 0
A79: VI | B79: Demais custos relativos à Norma Coletiva ou Disposições Legais - Grupo VI | H79: % | I79: Valor Mensal/unidade de serviço (R$)
A80: 1 | B80: Auxílio Alimentação | H80: =I80/$I$41 -> #DIV/0! | I80: =I97 -> 0
A81: 2 | B81: Auxílio Lanche | H81: =I81/$I$41 -> #DIV/0! | I81: =I93 -> 0
A82: 3 | B82: Vale-Transporte⁽⁵⁾ | H82: =I82/$I$41 -> #DIV/0! | I82: =I89 -> 0
A83: 4 | B83: Adicional Intervalar | H83: =I83/$I$41 -> #DIV/0! | I83: =IF(I26="Não aplicável",0,((I10/H10)*1.5*I26)) -> 0
A84: 5 | B84: Outros | H84: =I84/$I$41 -> #DIV/0! | I84: =IF(I23="Não aplicável",0,I23) -> 0
A85: Total do Grupo VI | H85: =SUM(H80:H84) -> #DIV/0! | I85: =SUM(I80:I84) -> 0
A86: (5) | B86: O valor do vale-transporte pode variar de acordo com o modal fornecido pelo empregador.
A87: MEMÓRIA DE CÁLCULO DO VALE TRANSPORTE
A88: Valor Unitário | C88: Dias de Trabalho | D88: Vale p/dia | E88: Custo total | F88: Base de cálculo | G88: Percentual de desconto | H88: Valor desconto | I88: Custo efetivo
A89: =I14 -> 0 | C89: =I15 -> 15 | D89: 2 | E89: =A89*C89*D89 -> 0 | F89: =I31 -> 0 | G89: =I16 -> 0 | H89: =F89*G89 -> 0 | I89: =IF((E89-H89)>0,E89-H89,0) -> 0
A91: MEMÓRIA DE CÁLCULO DO VALE LANCHE
A92: Valor Unitário | C92: Dias por mês | D92: Vale p/dia | E92: Custo total | F92: Base de cálculo | G92: Percentual de desconto | H92: Valor desconto | I92: Custo efetivo
A93: =I20 -> 0 | C93: =I21 -> 0 | D93: 1 | E93: =A93*C93*D93 -> 0 | F93: =E93 -> 0 | G93: =I22 -> 0 | H93: =F93*G93 -> 0 | I93: =E93-H93 -> 0
A95: MEMÓRIA DE CÁLCULO DO VALE ALIMENTAÇÃO
A96: Valor Unitário | C96: Dias por mês | D96: Vale p/dia | E96: Custo total | F96: Base de cálculo | G96: Percentual de desconto | H96: =H88 -> Valor desconto | I96: Custo efetivo
A97: =I17 -> 0 | C97: =I18 -> 15 | D97: 1 | E97: =A97*C97*D97 -> 0 | F97: =E97 -> 0 | G97: =I19 -> 0 | H97: =F97*G97 -> 0 | I97: =E97-H97 -> 0
A99: TOTAL DO MONTANTE A (I + II + III+ IV + V +VI) | H99: =H41+H77+H85 -> #DIV/0! | I99: =I41+I77+I85 -> 0
A101: MONTANTE B
A102: I | B102: Despesas Diretas | H102: % | I102: Valor Mensal/unidade de serviço (R$)
A103: 1 | B103: Transporte (6) | H103: =I103/$I$114 -> #DIV/0! | I103: 0
A104: 2 | B104: Uniformes/EPI (6a) | H104: =I104/$I$114 -> #DIV/0! | I104: =IF(F112=10%,G112,0) -> 0
A105: 3 | B105: Seguro de vida | H105: =I105/$I$114 -> #DIV/0! | I105: 0
A106: 4 | B106: Materiais/Equipamentos | H106: =I106/$I$114 -> #DIV/0! | I106: 0
A107: 5 | B107: Mobilização (7) | H107: =I107/$I$114 -> #DIV/0! | I107: 0
A108: 6 | B108: Outros (especificar) | H108: =I108/$I$114 -> #DIV/0! | I108: 0
A109: Total de Despesas Diretas | H109: =H103+H104+H105+H106+H107+H108 -> #DIV/0! | I109: =SUM(I103:I108) -> 0
B110: (6) Somente será preenchido quando o licitante fornecer transporte próprio (6a) EPI - Equipamento de Proteção Individual (7) Tais custos de mobilização não são renováveis, devendo ser eliminados após o primeiro ano de contrato caso haja prorrogação
...

Sheet 12x36 noturno Guaiba
A1: PLANILHA DE CUSTOS E FORMAÇÃO DE PREÇOS DE SERVIÇOS CONTINUADOS COM DEDICAÇÃO EXCLUSIVA DE MÃO DE OBRA
A2: PROCESSO: | C2: 25/0435-0021818-8 | E2: REGIME DE TRIBUTAÇÃO: LUCRO REAL e PRESUMIDO (*)
A3: Dispensa de Licitação n° | C3: 002/2026 | E3: Data de apresentação da proposta:
A5: Cargo/Função: | D5: VIGILANTE ARMADO | G5: =IF(D6="12x36","Regime de trabalho:","Quantidade de HORAS/MÊS") -> Regime de trabalho: | I5: =IF(D6="12x36",D6,5*D6) -> 12x36
A6: =IF(D6="12x36","Regime de trabalho:","Regime de trabalho (horas semanais):") -> Regime de trabalho: | D6: 12x36
A7: Convenção Coletiva de Trabalho: | G7: INSALUBRIDADE (10%, 20%, 40%) | I7: Não aplicável
A8: Origem do salário:
A9: Cidade: | D9: Guaíba/RS | G9: PERICULOSIDADE (30%) | I9: 0.3
A10: Salário Normativo | G10: Vlr. do salário e nº de horas correspondentes | H10: 220
A11: ISS | G11: =D9 -> Guaíba/RS | H11: Alíquota
A12: Adicional Troca de Uniforme (somente para postos de vigilantes que prevêm pagamento para troca de uniforme na CCT) | G12: CCT | H12: Valor
A13: Quantidade de dias trabalhados no mês | I13: 15
A14: Tarifa Transporte | G14: CCT | H14: Vr. Unitário
H15: Dias | I15: =I13 -> 15
H16: Desconto
A17: Vale Alimentação | G17: CCT | H17: Vr. Unitário
H18: Dias | I18: =I13 -> 15
H19: Desconto
A20: Auxílio Lanche | G20: CCT | H20: Vr. Unitário
H21: Dias
H22: Desconto
A23: Outros benefícios que refletem na planilha de custos, caso constem na CCT | G23: CCT | H23: Valor mensal
A24: Adicional de Supervisor | H24: Porcentagem | I24: Não aplicável
A25: Base de cálculo da insalubridade | H25: Valor | I25: Não aplicável
A26: Hora Intervalar | H26: Horas por mês | I26: 15
A27: Sem fornecimento de materiais ou apenas fornecimento de EPIs ou uniformes, utilizar 10%. Com fornecimento de materiais ou equipamentos, utilizar 20%. | H27: Porcentagem | I27: 0.2
A28: Adicional Noturno: Horas: [(60/52,5) x Nº de horas noturnas diárias] x Nº de dias trabalhados com hora noturna Valor hora: (vlr. do salário/nº de horas correspondente do salário) x 20% (noturno) | G28: CCT | H28: Nº horas | I28: =((60/52.5)*7)*15 -> 120
H29: Vr. Hora | I29: =I10/H10*20% -> 0
A30: Reduzida Noturna Horas Reduzidas: 60/52,5=1,143 x 7h noturnas = 8h noturnas 5h diurnas + 8h noturnas = 13h X 15 dias = 195 horas mensais 195h - 190,67 = 4,33 horas Valor hora: (vlr. do salário/nº de horas correspondente do salário) x 150% (H.Extra) | G30: CCT | H30: Nº horas | I30: =((5+7+1)*15)-190.67 -> 4.33
H31: Vr. Hora | I31: =(I10/H10)*1.5 -> 0
A33: MONTANTE A
A34: I | B34: Remuneração - Grupo I | H34: % | I34: Valor Mensal/unidade de serviço (R$)
A35: 1 | B35: Salário | H35: =I35/$I$48 -> #DIV/0! | I35: =IF(D6="12x36",I10,I10/H10*I5) -> 0
A36: =A35+1 -> 2 | B36: Adicional Noturno 20% (Ver súmula 60 TST) | H36: =I36/$I$48 -> #DIV/0! | I36: 0
A37: =A36+1 -> 3 | B37: Adicional Periculosidade 30% | H37: =I37/$I$48 -> #DIV/0! | I37: =IF(I9=30%,(I35+I45+I42+I43+I44+I46)*I9,0) -> 0
A38: =A37+1 -> 4 | B38: Adicional Insalubridade 10% (Ver súmula 228 e 139 TST) | H38: =I38/$I$48 -> #DIV/0! | I38: =IF(I7=10%,I25*I7,0) -> 0
A39: =A38+1 -> 5 | B39: Adicional Insalubridade 20% (Ver súmula 228 e 139 TST) | H39: =I39/$I$48 -> #DIV/0! | I39: =IF(I7=20%,I25*I7,0) -> 0
A40: =A39+1 -> 6 | B40: Adicional Insalubridade 40% (Ver súmula 228 e 139 TST) | H40: =I40/$I$48 -> #DIV/0! | I40: =IF(I7=40%,I25*I7,0) -> 0
A41: =A40+1 -> 7 | B41: Adicional de Supervisor (IN 02/2008 MPOG SLTI) | H41: =I41/$I$48 -> #DIV/0! | I41: =IF(I24="Não aplicável",0,I35*I24) -> 0
A42: =A41+1 -> 8 | B42: Reduzida Noturna | H42: =I42/$I$48 -> #DIV/0! | I42: =I30*I31 -> 0
A43: =A42+1 -> 9 | B43: Adicional Noturno | H43: =I43/$I$48 -> #DIV/0! | I43: =I28*I29 -> 0
A44: =A43+1 -> 10 | B44: Integração RSRF (20%) sobre H. Extra Red. Noturna e Adic Noturno = [Reduzida Noturna + Adic. Noturno]*[Descanso Semanal Remunerado] (20%) | H44: =I44/$I$48 -> #DIV/0! | I44: =(I42+I43)*0.2 -> 0
B45: Adicional Troca de Uniforme | H45: =I45/$I$48 -> #DIV/0! | I45: =I12*I13 -> 0
B46: Integração RSF (20% sobre Ad.Troca de Uniforme) | H46: =I46/$I$48 -> #DIV/0! | I46: =I45*20% -> 0
A47: =A44+1 -> 11 | B47: =IF(D6="12x36","Para postos 12x36 os feriados são considerados compensados, conforme parágrafo único, Art. 59-A da CLT","Outros") -> Para postos 12x36 os feriados são considerados compensados, conforme parágrafo único, Art. 59-A da CLT | H47: =I47/$I$48 -> #DIV/0! | I47: 0
A48: Total de Remuneração | H48: =SUM(H35:H47) -> #DIV/0! | I48: =SUM(I35:I47) -> 0
A50: II | B50: Encargos Sociais - Grupo II: Obrigações Sociais | H50: % | I50: Valor Mensal/unidade de serviço (R$)
A51: 1 | B51: INSS (art. 22, inc. I, Lei nº 8.212/91) | H51: 0.2 | I51: =$I$48*H51 -> 0
A52: 2 | B52: SESI ou SESC (art. 30, Lei nº 8.036/90) | H52: 0.015 | I52: =$I$48*H52 -> 0
A53: 3 | B53: SENAI ou SENAC (Decreto-Lei nº 2.318/86) | H53: 0.01 | I53: =$I$48*H53 -> 0
A54: 4 | B54: INCRA (art. 15I, Lei Complementar nº 011/71) | H54: 0.002 | I54: =$I$48*H54 -> 0
A55: 5 | B55: SALÁRIO EDUCAÇÃO (art. , inc. I, Decreto nº 87.043/82) | H55: 0.025 | I55: =$I$48*H55 -> 0
A56: 6 | B56: FGTS (art. 15, Lei nº 8.036/90) | H56: 0.08 | I56: =$I$48*H56 -> 0
A57: 7 | B57: SEG. ACIDENTE DO TRABALHO 1%, 2% e 3% (art. 22, inc. II, alíneas "b" e "c", da Lei nº 8.212/91) | H57: 0.03 | I57: =$I$48*H57 -> 0
A58: 8 | B58: SEBRAE (§ 3º, art. 8º, Lei nº 8.029/90) | H58: 0.006 | I58: =$I$48*H58 -> 0
A59: Total do Grupo II | H59: =SUM(H51:H58) -> 0.368 | I59: =SUM(I51:I58) -> 0
A60: Os percentuais para o SAT podem variar de 0,50% a 6,00% em função do Fator de Acidente Previdenciário (FAP), Decreto nº 6.957/2009
A61: Deverá obrigatoriamente acompanhar a proposta de preços e a planilha de custos e formação de preços a prova do Fator Acidentário de Prevenção – FAP por meio de impressão de consulta ao site do Ministério da Previdência Social (que pode ser obtido no endereço eletrônico http://www2.dataprev.gov.br/fap/fap.htm), independentemente de alteração da alíquota da parcela do Seguro Acidente de Trabalho disposta no Quadro II da referida planilha.
A62: III | B62: Encargos Sociais - Grupo III: Tempo Não Trabalhado | H62: % | I62: Valor Mensal/unidade de serviço (R$)
A63: 1 | B63: FÉRIAS GOZADAS + ADICIONAL DE FÉRIAS | H63: 0.119314 | I63: =$I$48*H63 -> 0
A64: 2 | B64: FALTAS ABONADAS (3) | H64: 0.020479 | I64: =$I$48*H64 -> 0
A65: 3 | B65: FALTAS LEGAIS (4) | H65: 0.012123 | I65: =$I$48*H65 -> 0
A66: 4 | B66: LICENÇA MATERNIDADE | H66: 0.011436 | I66: =$I$48*H66 -> 0
A67: 5 | B67: LICENÇA PATERNIDADE | H67: 0.000174 | I67: =$I$48*H67 -> 0
A68: 6 | B68: ACIDENTE DE TRABALHO | H68: 0.000442 | I68: =$I$48*H68 -> 0
A69: 7 | B69: AVISO PRÉVIO TRABALHADO | H69: 0.000185 | I69: =$I$48*H69 -> 0
A70: 8 | B70: 13º SALÁRIO | H70: 0.09079 | I70: =$I$48*H70 -> 0
A71: Total do Grupo III | H71: =SUM(H63:H70) -> 0.254943 | I71: =SUM(I63:I70) -> 0
A72: (3) | B72: Faltas Justificadas por Auxílio Doença
A73: (4) | B73: Faltas Legais - Art. 473 CLT
A74: IV | B74: Encargos Sociais - Grupo IV: Indenizações | H74: % | I74: Valor Mensal/unidade de serviço (R$)
A75: 1 | B75: INDENIZAÇÕES | H75: 0.023627 | I75: =$I$48*H75 -> 0
A76: 2 | B76: FGTS SOBRE INDENIZAÇÕES | H76: 0.001717 | I76: =$I$48*H76 -> 0
A77: 3 | B77: INDENIZAÇÃO COMPENSATÓRIA POR DEMISSÃO SEM JUSTA CAUSA | H77: 0.009451 | I77: =$I$48*H77 -> 0
A78: Total do Grupo IV | H78: =SUM(H75:H77) -> 0.034795 | I78: =SUM(I75:I77) -> 0
A80: V | B80: Encargos Sociais - Grupo V: Incidências | H80: % | I80: Valor Mensal/unidade de serviço (R$)
A81: 1 | B81: INCIDÊNCIA GRUPO II (Obrigações Sociais) X GRUPO III (Tempo Não Trabalhado) | H81: =(H59*H71) -> 0.093819024 | I81: =$I$48*H81 -> 0
A82: Total do Grupo V | H82: =SUM(H81:H81) -> 0.093819024 | I82: =I81 -> 0
A84: TOTAL DOS ENCAGOS SOCIAIS (II + III + IV + V) | H84: =H59+H71+H78+H82 -> 0.75155702 | I84: =I59+I71+I78+I82 -> 0
A86: VI | B86: Demais custos relativos à Norma Coletiva ou Disposições Legais - Grupo VI | H86: % | I86: Valor Mensal/unidade de serviço (R$)
A87: 1 | B87: Auxílio Alimentação | H87: =I87/$I$48 -> #DIV/0! | I87: =I104 -> 0
A88: 2 | B88: Auxílio Lanche | H88: =I88/$I$48 -> #DIV/0! | I88: =I100 -> 0
A89: 3 | B89: Vale-Transporte⁽⁵⁾ | H89: =I89/$I$48 -> #DIV/0! | I89: =I96 -> 0
A90: 4 | B90: Adicional Intervalar | H90: =I90/$I$48 -> #DIV/0! | I90: =IF(I26="Não aplicável",0,((I10/H10)*1.5*I26)) -> 0
A91: 5 | B91: Outros | H91: =I91/$I$48 -> #DIV/0! | I91: =IF(I23="Não aplicável",0,I23) -> 0
A92: Total do Grupo VI | H92: =SUM(H87:H91) -> #DIV/0! | I92: =SUM(I87:I91) -> 0
A94: MEMÓRIA DE CÁLCULO DO VALE TRANSPORTE
A95: Valor Unitário | C95: Dias de Trabalho | D95: Vale p/dia | E95: Custo total | F95: Base de cálculo | G95: Percentual de desconto | H95: Valor desconto | I95: Custo efetivo
A96: =I14 -> 0 | C96: =I15 -> 15 | D96: 2 | E96: =A96*C96*D96 -> 0 | F96: =I35 -> 0 | G96: =I16 -> 0 | H96: =F96*G96 -> 0 | I96: =IF((E96-H96)>0,E96-H96,0) -> 0
A98: MEMÓRIA DE CÁLCULO DO VALE LANCHE
A99: Valor Unitário | C99: Dias por mês | D99: Vale p/dia | E99: Custo total | F99: Base de cálculo | G99: Percentual de desconto | H99: Valor desconto | I99: Custo efetivo
A100: =I20 -> 0 | C100: =I21 -> 0 | D100: 1 | E100: =A100*C100*D100 -> 0 | F100: =E100 -> 0 | G100: =I22 -> 0 | H100: =F100*G100 -> 0 | I100: =E100-H100 -> 0
A102: MEMÓRIA DE CÁLCULO DO VALE ALIMENTAÇÃO
A103: Valor Unitário | C103: Dias por mês | D103: Vale p/dia | E103: Custo total | F103: Base de cálculo | G103: Percentual de desconto | H103: =H95 -> Valor desconto | I103: Custo efetivo
A104: =I17 -> 0 | C104: =I18 -> 15 | D104: 1 | E104: =A104*C104*D104 -> 0 | F104: =E104 -> 0 | G104: =I19 -> 0 | H104: =F104*G104 -> 0 | I104: =E104-H104 -> 0
A106: TOTAL DO MONTANTE A (I + II + III+ IV + V +VI) | H106: =H48+H84+H92 -> #DIV/0! | I106: =I48+I84+I92 -> 0
A108: MONTANTE B
A109: I | B109: Despesas Diretas | H109: % | I109: Valor Mensal/unidade de serviço (R$)
A110: 1 | B110: Transporte (6) | H110: =I110/$I$121 -> #DIV/0! | I110: 0
A111: 2 | B111: Uniformes/EPI (6a) | H111: =I111/$I$121 -> #DIV/0! | I111: =IF(F119=10%,G119,0) -> 0
...

Sheet 12x36 diurno Esteio
A1: PLANILHA DE CUSTOS E FORMAÇÃO DE PREÇOS DE SERVIÇOS CONTINUADOS COM DEDICAÇÃO EXCLUSIVA DE MÃO DE OBRA
A2: PROCESSO: | C2: 25/0435-0021818-8 | E2: REGIME DE TRIBUTAÇÃO: LUCRO REAL e PRESUMIDO (*)
A3: Dispensa de Licitação n° | C3: 002/2026 | E3: Data de apresentação da proposta:
A5: Cargo/Função: | D5: VIGILANTE ARMADO | G5: =IF(D6="12x36","Regime de trabalho:","Quantidade de HORAS/MÊS") -> Regime de trabalho: | I5: =IF(D6="12x36",D6,5*D6) -> 12x36
A6: =IF(D6="12x36","Regime de trabalho:","Regime de trabalho (horas semanais):") -> Regime de trabalho: | D6: 12x36
A7: Convenção Coletiva de Trabalho: | G7: INSALUBRIDADE (10%, 20%, 40%) | I7: Não aplicável
A8: Origem do salário:
A9: Cidade: | D9: Esteio/RS | G9: PERICULOSIDADE (30%) | I9: 0.3
A10: Salário Normativo | G10: Vlr. do salário e nº de horas correspondentes | H10: 220
A11: ISS | H11: Alíquota
A12: Adicional Troca de Uniforme (somente para postos de vigilantes que prevêm pagamento para troca de uniforme na CCT) | G12: CCT | H12: Valor
A13: Quantidade de dias trabalhados no mês | I13: 15
A14: Tarifa Transporte | G14: CCT | H14: Vr. Unitário
H15: Dias | I15: =I13 -> 15
H16: Desconto
A17: Auxílio Alimentação | G17: CCT | H17: Vr. Unitário
H18: Dias | I18: =I13 -> 15
H19: Desconto
A20: Auxílio Lanche | G20: CCT | H20: Vr. Unitário
H21: Dias
H22: Desconto
A23: Outros benefícios que refletem na planilha de custos, caso constem na CCT | G23: CCT | H23: Valor mensal
A24: Adicional de Supervisor | H24: Porcentagem | I24: Não aplicável
A25: Base de cálculo da insalubridade | H25: Valor | I25: Não aplicável
A26: Hora Intervalar | H26: Horas por mês | I26: 15
A27: Sem fornecimento de materiais ou apenas fornecimento de EPIs ou uniformes, utilizar 10%. Com fornecimento de materiais ou equipamentos, utilizar 20%. | H27: Porcentagem | I27: 0.2
A29: MONTANTE A
A30: I | B30: Remuneração - Grupo I | H30: % | I30: Valor Mensal/unidade de serviço (R$)
A31: 1 | B31: Salário | H31: =I31/$I$41 -> #DIV/0! | I31: =IF(D6="12x36",I10,I10/H10*I5) -> 0
A32: =A31+1 -> 2 | B32: Adicional Periculosidade 30% | H32: =I32/$I$41 -> #DIV/0! | I32: =IF(I9=30%,(I31+I38+I39)*I9,0) -> 0
A33: =A32+1 -> 3 | B33: Adicional Insalubridade 10% (Ver súmula 228 e 139 TST) | H33: =I33/$I$41 -> #DIV/0! | I33: =IF(I7=10%,I25*I7,0) -> 0
A34: =A33+1 -> 4 | B34: Adicional Insalubridade 20% (Ver súmula 228 e 139 TST) | H34: =I34/$I$41 -> #DIV/0! | I34: =IF(I7=20%,I25*I7,0) -> 0
A35: =A34+1 -> 5 | B35: Adicional Insalubridade 40% (Ver súmula 228 e 139 TST) | H35: =I35/$I$41 -> #DIV/0! | I35: =IF(I7=40%,I25*I7,0) -> 0
A36: =A35+1 -> 6 | B36: Adicional de Supervisor (IN 02/2008 MPOG SLTI) | H36: =I36/$I$41 -> #DIV/0! | I36: =IF(I24="Não aplicável",0,I31*I24) -> 0
A37: =A36+1 -> 7 | B37: DSR - Descanso Semanal Remunerado | H37: =I37/$I$41 -> #DIV/0! | I37: 0
A38: =A37+1 -> 8 | B38: Adicional Troca de Uniforme | H38: =I38/$I$41 -> #DIV/0! | I38: =I12*I13 -> 0
A39: =A38+1 -> 9 | B39: Integração RSF (20% sobre Ad.Troca de Uniforme - somente para vigilantes) | H39: =I39/$I$41 -> #DIV/0! | I39: =I38*20% -> 0
A40: =A39+1 -> 10 | B40: =IF(D6="12x36","Para postos 12x36 os feriados são considerados compensados, conforme parágrafo único, Art. 59-A da CLT","Outros") -> Para postos 12x36 os feriados são considerados compensados, conforme parágrafo único, Art. 59-A da CLT | H40: =I40/$I$41 -> #DIV/0! | I40: 0
A41: Total de Remuneração | H41: =SUM(H31:H40) -> #DIV/0! | I41: =SUM(I31:I40) -> 0
A43: II | B43: Encargos Sociais - Grupo II: Obrigações Sociais | H43: % | I43: Valor Mensal/unidade de serviço (R$)
A44: 1 | B44: INSS (art. 22, inc. I, Lei nº 8.212/91) | H44: 0.2 | I44: =$I$41*H44 -> 0
A45: 2 | B45: SESI ou SESC (art. 30, Lei nº 8.036/90) | H45: 0.015 | I45: =$I$41*H45 -> 0
A46: 3 | B46: SENAI ou SENAC (Decreto-Lei nº 2.318/86) | H46: 0.01 | I46: =$I$41*H46 -> 0
A47: 4 | B47: INCRA (art. 15I, Lei Complementar nº 011/71) | H47: 0.002 | I47: =$I$41*H47 -> 0
A48: 5 | B48: SALÁRIO EDUCAÇÃO (art. , inc. I, Decreto nº 87.043/82) | H48: 0.025 | I48: =$I$41*H48 -> 0
A49: 6 | B49: FGTS (art. 15, Lei nº 8.036/90) | H49: 0.08 | I49: =$I$41*H49 -> 0
A50: 7 | B50: SEG. ACIDENTE DO TRABALHO 1%, 2% e 3% (art. 22, inc. II, alíneas "b" e "c", da Lei nº 8.212/91) | H50: 0.03 | I50: =$I$41*H50 -> 0
A51: 8 | B51: SEBRAE (§ 3º, art. 8º, Lei nº 8.029/90) | H51: 0.006 | I51: =$I$41*H51 -> 0
A52: Total do Grupo II | H52: =SUM(H44:H51) -> 0.368 | I52: =SUM(I44:I51) -> 0
A53: Os percentuais para o SAT podem variar de 0,50% a 6,00% em função do Fator de Acidente Previdenciário (FAP), Decreto nº 6.957/2009
A54: Deverá obrigatoriamente acompanhar a proposta de preços e a planilha de custos e formação de preços a prova do Fator Acidentário de Prevenção – FAP por meio de impressão de consulta ao site do Ministério da Previdência Social (que pode ser obtido no endereço eletrônico http://www2.dataprev.gov.br/fap/fap.htm), independentemente de alteração da alíquota da parcela do Seguro Acidente de Trabalho disposta no Quadro II da referida planilha.
A55: III | B55: Encargos Sociais - Grupo III: Tempo Não Trabalhado | H55: % | I55: Valor Mensal/unidade de serviço (R$)
A56: 1 | B56: FÉRIAS GOZADAS + ADICIONAL DE FÉRIAS | H56: 0.119314 | I56: =$I$41*H56 -> 0
A57: 2 | B57: FALTAS ABONADAS (3) | H57: 0.020479 | I57: =$I$41*H57 -> 0
A58: 3 | B58: FALTAS LEGAIS (4) | H58: 0.012123 | I58: =$I$41*H58 -> 0
A59: 4 | B59: LICENÇA MATERNIDADE | H59: 0.011436 | I59: =$I$41*H59 -> 0
A60: 5 | B60: LICENÇA PATERNIDADE | H60: 0.000174 | I60: =$I$41*H60 -> 0
A61: 6 | B61: ACIDENTE DE TRABALHO | H61: 0.000442 | I61: =$I$41*H61 -> 0
A62: 7 | B62: AVISO PRÉVIO TRABALHADO | H62: 0.000185 | I62: =$I$41*H62 -> 0
A63: 8 | B63: 13º SALÁRIO | H63: 0.09079 | I63: =$I$41*H63 -> 0
A64: Total do Grupo III | H64: =SUM(H56:H63) -> 0.254943 | I64: =SUM(I56:I63) -> 0
A65: (3) | B65: Faltas Justificadas por Auxílio Doença
A66: (4) | B66: Faltas Legais - Art. 473 CLT
A67: IV | B67: Encargos Sociais - Grupo IV: Indenizações | H67: % | I67: Valor Mensal/unidade de serviço (R$)
A68: 1 | B68: INDENIZAÇÕES | H68: 0.023627 | I68: =$I$41*H68 -> 0
A69: 2 | B69: FGTS SOBRE INDENIZAÇÕES | H69: 0.001717 | I69: =$I$41*H69 -> 0
A70: 3 | B70: INDENIZAÇÃO COMPENSATÓRIA POR DEMISSÃO SEM JUSTA CAUSA | H70: 0.009451 | I70: =$I$41*H70 -> 0
A71: Total do Grupo IV | H71: =SUM(H68:H70) -> 0.034795 | I71: =SUM(I68:I70) -> 0
A73: V | B73: Encargos Sociais - Grupo V: Incidências | H73: % | I73: Valor Mensal/unidade de serviço (R$)
A74: 1 | B74: INCIDÊNCIA GRUPO II (Obrigações Sociais) X GRUPO III (Tempo Não Trabalhado) | H74: =(H52*H64) -> 0.093819024 | I74: =$I$41*H74 -> 0
A75: Total do Grupo V | H75: =SUM(H74:H74) -> 0.093819024 | I75: =I74 -> 0
A77: TOTAL DOS ENCAGOS SOCIAIS (II + III + IV + V) | H77: =H52+H64+H71+H75 -> 0.75155702 | I77: =I52+I64+I71+I75 -> 0
A79: VI | B79: Demais custos relativos à Norma Coletiva ou Disposições Legais - Grupo VI | H79: % | I79: Valor Mensal/unidade de serviço (R$)
A80: 1 | B80: Auxílio Alimentação | H80: =I80/$I$41 -> #DIV/0! | I80: =I97 -> 0
A81: 2 | B81: Auxílio Lanche | H81: =I81/$I$41 -> #DIV/0! | I81: =I93 -> 0
A82: 3 | B82: Vale-Transporte⁽⁵⁾ | H82: =I82/$I$41 -> #DIV/0! | I82: =I89 -> 0
A83: 4 | B83: Adicional Intervalar | H83: =I83/$I$41 -> #DIV/0! | I83: =IF(I26="Não aplicável",0,((I10/H10)*1.5*I26)) -> 0
A84: 5 | B84: Outros | H84: =I84/$I$41 -> #DIV/0! | I84: =IF(I23="Não aplicável",0,I23) -> 0
A85: Total do Grupo VI | H85: =SUM(H80:H84) -> #DIV/0! | I85: =SUM(I80:I84) -> 0
A86: (5) | B86: O valor do vale-transporte pode variar de acordo com o modal fornecido pelo empregador.
A87: MEMÓRIA DE CÁLCULO DO VALE TRANSPORTE
A88: Valor Unitário | C88: Dias de Trabalho | D88: Vale p/dia | E88: Custo total | F88: Base de cálculo | G88: Percentual de desconto | H88: Valor desconto | I88: Custo efetivo
A89: =I14 -> 0 | C89: =I15 -> 15 | D89: 2 | E89: =A89*C89*D89 -> 0 | F89: =I31 -> 0 | G89: =I16 -> 0 | H89: =F89*G89 -> 0 | I89: =IF((E89-H89)>0,E89-H89,0) -> 0
A91: MEMÓRIA DE CÁLCULO DO VALE LANCHE
A92: Valor Unitário | C92: Dias por mês | D92: Vale p/dia | E92: Custo total | F92: Base de cálculo | G92: Percentual de desconto | H92: Valor desconto | I92: Custo efetivo
A93: =I20 -> 0 | C93: =I21 -> 0 | D93: 1 | E93: =A93*C93*D93 -> 0 | F93: =E93 -> 0 | G93: =I22 -> 0 | H93: =F93*G93 -> 0 | I93: =E93-H93 -> 0
A95: MEMÓRIA DE CÁLCULO DO VALE ALIMENTAÇÃO
A96: Valor Unitário | C96: Dias por mês | D96: Vale p/dia | E96: Custo total | F96: Base de cálculo | G96: Percentual de desconto | H96: =H88 -> Valor desconto | I96: Custo efetivo
A97: =I17 -> 0 | C97: =I18 -> 15 | D97: 1 | E97: =A97*C97*D97 -> 0 | F97: =E97 -> 0 | G97: =I19 -> 0 | H97: =F97*G97 -> 0 | I97: =E97-H97 -> 0
A99: TOTAL DO MONTANTE A (I + II + III+ IV + V +VI) | H99: =H41+H77+H85 -> #DIV/0! | I99: =I41+I77+I85 -> 0
A101: MONTANTE B
A102: I | B102: Despesas Diretas | H102: % | I102: Valor Mensal/unidade de serviço (R$)
A103: 1 | B103: Transporte (6) | H103: =I103/$I$114 -> #DIV/0! | I103: 0
A104: 2 | B104: Uniformes/EPI (6a) | H104: =I104/$I$114 -> #DIV/0! | I104: =IF(F112=10%,G112,0) -> 0
A105: 3 | B105: Seguro de vida | H105: =I105/$I$114 -> #DIV/0! | I105: 0
A106: 4 | B106: Materiais/Equipamentos | H106: =I106/$I$114 -> #DIV/0! | I106: 0
A107: 5 | B107: Mobilização (7) | H107: =I107/$I$114 -> #DIV/0! | I107: 0
A108: 6 | B108: Outros (especificar) | H108: =I108/$I$114 -> #DIV/0! | I108: 0
A109: Total de Despesas Diretas | H109: =H103+H104+H105+H106+H107+H108 -> #DIV/0! | I109: =SUM(I103:I108) -> 0
B110: (6) Somente será preenchido quando o licitante fornecer transporte próprio (6a) EPI - Equipamento de Proteção Individual (7) Tais custos de mobilização não são renováveis, devendo ser eliminados após o primeiro ano de contrato caso haja prorrogação
...

Sheet 12x36 noturno Esteio
A1: PLANILHA DE CUSTOS E FORMAÇÃO DE PREÇOS DE SERVIÇOS CONTINUADOS COM DEDICAÇÃO EXCLUSIVA DE MÃO DE OBRA
A2: PROCESSO: | C2: 25/0435-0021818-8 | E2: REGIME DE TRIBUTAÇÃO: LUCRO REAL e PRESUMIDO (*)
A3: Dispensa de Licitação n° | C3: 002/2026 | E3: Data de apresentação da proposta:
A5: Cargo/Função: | D5: Vigilantes | G5: =IF(D6="12x36","Regime de trabalho:","Quantidade de HORAS/MÊS") -> Regime de trabalho: | I5: =IF(D6="12x36",D6,5*D6) -> 12x36
A6: =IF(D6="12x36","Regime de trabalho:","Regime de trabalho (horas semanais):") -> Regime de trabalho: | D6: 12x36
A7: Convenção Coletiva de Trabalho: | G7: INSALUBRIDADE (10%, 20%, 40%) | I7: Não aplicável
A8: Origem do salário:
A9: Cidade: | D9: Esteio/RS | G9: PERICULOSIDADE (30%) | I9: 0.3
A10: Salário Normativo | G10: Vlr. do salário e nº de horas correspondentes | H10: 220
A11: ISS | G11: =D9 -> Esteio/RS | H11: Alíquota
A12: Adicional Troca de Uniforme (somente para postos de vigilantes que prevêm pagamento para troca de uniforme na CCT) | G12: CCT | H12: Valor
A13: Quantidade de dias trabalhados no mês | I13: 15
A14: Tarifa Transporte | G14: CCT | H14: Vr. Unitário
H15: Dias | I15: =I13 -> 15
H16: Desconto
A17: Vale Alimentação | G17: CCT | H17: Vr. Unitário
H18: Dias | I18: =I13 -> 15
H19: Desconto
A20: Auxílio Lanche | G20: CCT | H20: Vr. Unitário
H21: Dias | I21: =I13 -> 15
H22: Desconto
A23: Outros benefícios que refletem na planilha de custos, caso constem na CCT | G23: CCT | H23: Valor mensal | I23: Não aplicável
A24: Adicional de Supervisor | H24: Porcentagem | I24: Não aplicável
A25: Base de cálculo da insalubridade | H25: Valor | I25: Não aplicável
A26: Hora Intervalar | H26: Horas por mês | I26: 15
A27: Sem fornecimento de materiais ou apenas fornecimento de EPIs ou uniformes, utilizar 10%. Com fornecimento de materiais ou equipamentos, utilizar 20%. | H27: Porcentagem | I27: 0.2
A28: Adicional Noturno: Horas: [(60/52,5) x Nº de horas noturnas diárias] x Nº de dias trabalhados com hora noturna Valor hora: (vlr. do salário/nº de horas correspondente do salário) x 20% (noturno) | G28: CCT | H28: Nº horas | I28: =((60/52.5)*7)*15 -> 120
H29: Vr. Hora | I29: =I10/H10*20% -> 0
A30: Reduzida Noturna Horas Reduzidas: 60/52,5=1,143 x 7h noturnas = 8h noturnas 5h diurnas + 8h noturnas = 13h X 15 dias = 195 horas mensais 195h - 190,67 = 4,33 horas Valor hora: (vlr. do salário/nº de horas correspondente do salário) x 150% (H.Extra) | G30: CCT | H30: Nº horas | I30: =((5+7+1)*15)-190.67 -> 4.33
H31: Vr. Hora | I31: =(I10/H10)*1.5 -> 0
A33: MONTANTE A
A34: I | B34: Remuneração - Grupo I | H34: % | I34: Valor Mensal/unidade de serviço (R$)
A35: 1 | B35: Salário | H35: =I35/$I$48 -> #DIV/0! | I35: =IF(D6="12x36",I10,I10/H10*I5) -> 0
A36: =A35+1 -> 2 | B36: Adicional Noturno 20% (Ver súmula 60 TST) | H36: =I36/$I$48 -> #DIV/0! | I36: 0
A37: =A36+1 -> 3 | B37: Adicional Periculosidade 30% | H37: =I37/$I$48 -> #DIV/0! | I37: =IF(I9=30%,(I35+I45+I42+I43+I44+I46)*I9,0) -> 0
A38: =A37+1 -> 4 | B38: Adicional Insalubridade 10% (Ver súmula 228 e 139 TST) | H38: =I38/$I$48 -> #DIV/0! | I38: =IF(I7=10%,I25*I7,0) -> 0
A39: =A38+1 -> 5 | B39: Adicional Insalubridade 20% (Ver súmula 228 e 139 TST) | H39: =I39/$I$48 -> #DIV/0! | I39: =IF(I7=20%,I25*I7,0) -> 0
A40: =A39+1 -> 6 | B40: Adicional Insalubridade 40% (Ver súmula 228 e 139 TST) | H40: =I40/$I$48 -> #DIV/0! | I40: =IF(I7=40%,I25*I7,0) -> 0
A41: =A40+1 -> 7 | B41: Adicional de Supervisor (IN 02/2008 MPOG SLTI) | H41: =I41/$I$48 -> #DIV/0! | I41: =IF(I24="Não aplicável",0,I35*I24) -> 0
A42: =A41+1 -> 8 | B42: Reduzida Noturna | H42: =I42/$I$48 -> #DIV/0! | I42: =I30*I31 -> 0
A43: =A42+1 -> 9 | B43: Adicional Noturno | H43: =I43/$I$48 -> #DIV/0! | I43: =I28*I29 -> 0
A44: =A43+1 -> 10 | B44: Integração RSRF (20%) sobre H. Extra Red. Noturna e Adic Noturno = [Reduzida Noturna + Adic. Noturno]*[Descanso Semanal Remunerado] (20%) | H44: =I44/$I$48 -> #DIV/0! | I44: =(I42+I43)*0.2 -> 0
B45: Adicional Troca de Uniforme | H45: =I45/$I$48 -> #DIV/0! | I45: =I12*I13 -> 0
B46: Integração RSF (20% sobre Ad.Troca de Uniforme) | H46: =I46/$I$48 -> #DIV/0! | I46: =I45*20% -> 0
A47: =A44+1 -> 11 | B47: =IF(D6="12x36","Para postos 12x36 os feriados são considerados compensados, conforme parágrafo único, Art. 59-A da CLT","Outros") -> Para postos 12x36 os feriados são considerados compensados, conforme parágrafo único, Art. 59-A da CLT | H47: =I47/$I$48 -> #DIV/0! | I47: 0
A48: Total de Remuneração | H48: =SUM(H35:H47) -> #DIV/0! | I48: =SUM(I35:I47) -> 0
A50: II | B50: Encargos Sociais - Grupo II: Obrigações Sociais | H50: % | I50: Valor Mensal/unidade de serviço (R$)
A51: 1 | B51: INSS (art. 22, inc. I, Lei nº 8.212/91) | H51: 0.2 | I51: =$I$48*H51 -> 0
A52: 2 | B52: SESI ou SESC (art. 30, Lei nº 8.036/90) | H52: 0.015 | I52: =$I$48*H52 -> 0
A53: 3 | B53: SENAI ou SENAC (Decreto-Lei nº 2.318/86) | H53: 0.01 | I53: =$I$48*H53 -> 0
A54: 4 | B54: INCRA (art. 15I, Lei Complementar nº 011/71) | H54: 0.002 | I54: =$I$48*H54 -> 0
A55: 5 | B55: SALÁRIO EDUCAÇÃO (art. , inc. I, Decreto nº 87.043/82) | H55: 0.025 | I55: =$I$48*H55 -> 0
A56: 6 | B56: FGTS (art. 15, Lei nº 8.036/90) | H56: 0.08 | I56: =$I$48*H56 -> 0
A57: 7 | B57: SEG. ACIDENTE DO TRABALHO 1%, 2% e 3% (art. 22, inc. II, alíneas "b" e "c", da Lei nº 8.212/91) | H57: 0.03 | I57: =$I$48*H57 -> 0
A58: 8 | B58: SEBRAE (§ 3º, art. 8º, Lei nº 8.029/90) | H58: 0.006 | I58: =$I$48*H58 -> 0
A59: Total do Grupo II | H59: =SUM(H51:H58) -> 0.368 | I59: =SUM(I51:I58) -> 0
A60: Os percentuais para o SAT podem variar de 0,50% a 6,00% em função do Fator de Acidente Previdenciário (FAP), Decreto nº 6.957/2009
A61: Deverá obrigatoriamente acompanhar a proposta de preços e a planilha de custos e formação de preços a prova do Fator Acidentário de Prevenção – FAP por meio de impressão de consulta ao site do Ministério da Previdência Social (que pode ser obtido no endereço eletrônico http://www2.dataprev.gov.br/fap/fap.htm), independentemente de alteração da alíquota da parcela do Seguro Acidente de Trabalho disposta no Quadro II da referida planilha.
A62: III | B62: Encargos Sociais - Grupo III: Tempo Não Trabalhado | H62: % | I62: Valor Mensal/unidade de serviço (R$)
A63: 1 | B63: FÉRIAS GOZADAS + ADICIONAL DE FÉRIAS | H63: 0.119314 | I63: =$I$48*H63 -> 0
A64: 2 | B64: FALTAS ABONADAS (3) | H64: 0.020479 | I64: =$I$48*H64 -> 0
A65: 3 | B65: FALTAS LEGAIS (4) | H65: 0.012123 | I65: =$I$48*H65 -> 0
A66: 4 | B66: LICENÇA MATERNIDADE | H66: 0.011436 | I66: =$I$48*H66 -> 0
A67: 5 | B67: LICENÇA PATERNIDADE | H67: 0.000174 | I67: =$I$48*H67 -> 0
A68: 6 | B68: ACIDENTE DE TRABALHO | H68: 0.000442 | I68: =$I$48*H68 -> 0
A69: 7 | B69: AVISO PRÉVIO TRABALHADO | H69: 0.000185 | I69: =$I$48*H69 -> 0
A70: 8 | B70: 13º SALÁRIO | H70: 0.09079 | I70: =$I$48*H70 -> 0
A71: Total do Grupo III | H71: =SUM(H63:H70) -> 0.254943 | I71: =SUM(I63:I70) -> 0
A72: (3) | B72: Faltas Justificadas por Auxílio Doença
A73: (4) | B73: Faltas Legais - Art. 473 CLT
A74: IV | B74: Encargos Sociais - Grupo IV: Indenizações | H74: % | I74: Valor Mensal/unidade de serviço (R$)
A75: 1 | B75: INDENIZAÇÕES | H75: 0.023627 | I75: =$I$48*H75 -> 0
A76: 2 | B76: FGTS SOBRE INDENIZAÇÕES | H76: 0.001717 | I76: =$I$48*H76 -> 0
A77: 3 | B77: INDENIZAÇÃO COMPENSATÓRIA POR DEMISSÃO SEM JUSTA CAUSA | H77: 0.009451 | I77: =$I$48*H77 -> 0
A78: Total do Grupo IV | H78: =SUM(H75:H77) -> 0.034795 | I78: =SUM(I75:I77) -> 0
A80: V | B80: Encargos Sociais - Grupo V: Incidências | H80: % | I80: Valor Mensal/unidade de serviço (R$)
A81: 1 | B81: INCIDÊNCIA GRUPO II (Obrigações Sociais) X GRUPO III (Tempo Não Trabalhado) | H81: =(H59*H71) -> 0.093819024 | I81: =$I$48*H81 -> 0
A82: Total do Grupo V | H82: =SUM(H81:H81) -> 0.093819024 | I82: =I81 -> 0
A84: TOTAL DOS ENCAGOS SOCIAIS (II + III + IV + V) | H84: =H59+H71+H78+H82 -> 0.75155702 | I84: =I59+I71+I78+I82 -> 0
A86: VI | B86: Demais custos relativos à Norma Coletiva ou Disposições Legais - Grupo VI | H86: % | I86: Valor Mensal/unidade de serviço (R$)
A87: 1 | B87: Auxílio Alimentação | H87: =I87/$I$48 -> #DIV/0! | I87: =I104 -> 0
A88: 2 | B88: Auxílio Lanche | H88: =I88/$I$48 -> #DIV/0! | I88: =I100 -> 0
A89: 3 | B89: Vale-Transporte⁽⁵⁾ | H89: =I89/$I$48 -> #DIV/0! | I89: =I96 -> 0
A90: 4 | B90: Adicional Intervalar | H90: =I90/$I$48 -> #DIV/0! | I90: =IF(I26="Não aplicável",0,((I10/H10)*1.5*I26)) -> 0
A91: 5 | B91: Outros | H91: =I91/$I$48 -> #DIV/0! | I91: =IF(I23="Não aplicável",0,I23) -> 0
A92: Total do Grupo VI | H92: =SUM(H87:H91) -> #DIV/0! | I92: =SUM(I87:I91) -> 0
A94: MEMÓRIA DE CÁLCULO DO VALE TRANSPORTE
A95: Valor Unitário | C95: Dias de Trabalho | D95: Vale p/dia | E95: Custo total | F95: Base de cálculo | G95: Percentual de desconto | H95: Valor desconto | I95: Custo efetivo
A96: =I14 -> 0 | C96: =I15 -> 15 | D96: 2 | E96: =A96*C96*D96 -> 0 | F96: =I35 -> 0 | G96: =I16 -> 0 | H96: =F96*G96 -> 0 | I96: =IF((E96-H96)>0,E96-H96,0) -> 0
A98: MEMÓRIA DE CÁLCULO DO VALE LANCHE
A99: Valor Unitário | C99: Dias por mês | D99: Vale p/dia | E99: Custo total | F99: Base de cálculo | G99: Percentual de desconto | H99: Valor desconto | I99: Custo efetivo
A100: =I20 -> 0 | C100: =I21 -> 15 | D100: 1 | E100: =A100*C100*D100 -> 0 | F100: =E100 -> 0 | G100: =I22 -> 0 | H100: =F100*G100 -> 0 | I100: =E100-H100 -> 0
A102: MEMÓRIA DE CÁLCULO DO VALE ALIMENTAÇÃO
A103: Valor Unitário | C103: Dias por mês | D103: Vale p/dia | E103: Custo total | F103: Base de cálculo | G103: Percentual de desconto | H103: =H95 -> Valor desconto | I103: Custo efetivo
A104: =I17 -> 0 | C104: =I18 -> 15 | D104: 1 | E104: =A104*C104*D104 -> 0 | F104: =E104 -> 0 | G104: =I19 -> 0 | H104: =F104*G104 -> 0 | I104: =E104-H104 -> 0
A106: TOTAL DO MONTANTE A (I + II + III+ IV + V +VI) | H106: =H48+H84+H92 -> #DIV/0! | I106: =I48+I84+I92 -> 0
A108: MONTANTE B
A109: I | B109: Despesas Diretas | H109: % | I109: Valor Mensal/unidade de serviço (R$)
A110: 1 | B110: Transporte (6) | H110: =I110/$I$121 -> #DIV/0! | I110: 0
A111: 2 | B111: Uniformes/EPI (6a) | H111: =I111/$I$121 -> #DIV/0! | I111: =IF(F119=10%,G119,0) -> 0
...

Sheet Resumo
A1: QUADRO RESUMO
A2: LOCAL | B2: Função | C2: Cidade | D2: Carga Horária | E2: Dias da semana | F2: Valor Unitário | G2: Nº de Postos | H2: Valor Total
A3: SEDE | B3: Vigilante Armado líder | C3: Porto Alegre | D3: 24hs | E3: Seg-dom | F3: ='líder 12x36 diurno POA'!I172+'líder 12x36 noturno POA'!I179 -> 0 | G3: 1 | H3: =G3*F3 -> 0
A4: SEDE | B4: Vigilante Armado | C4: Porto Alegre | D4: 24hs | E4: Seg-dom | F4: ='12x36 diurno POA'!I172+'12x36 noturno POA'!I179 -> 0 | G4: 2 | H4: =G4*F4 -> 0
A5: SEDE | B5: Vigilante Armado | C5: Porto Alegre | D5: 12hs | E5: Seg-dom | F5: ='12x36 diurno POA'!I172 -> 0 | G5: 3 | H5: =G5*F5 -> 0
A6: LAB | B6: Vigilante Armado | C6: Porto Alegre | D6: 24hs | E6: Seg-dom | F6: ='12x36 diurno POA'!I172+'12x36 noturno POA'!I179 -> 0 | G6: 2 | H6: =G6*F6 -> 0
A7: ARQ | B7: Vigilante Armado | C7: Porto Alegre | D7: 24hs | E7: Seg-dom | F7: ='12x36 diurno POA'!I172+'12x36 noturno POA'!I179 -> 0 | G7: 1 | H7: =G7*F7 -> 0
A8: OFC | B8: Vigilante Armado | C8: Guaiba | D8: 24hs | E8: Seg-dom | F8: ='12x36 diurno Guaiba'!I172+'12x36 noturno Guaiba'!I180 -> 0 | G8: 1 | H8: =G8*F8 -> 0
A9: SEOR | B9: Vigilante Armado | C9: Esterio | D9: 24hs | E9: Seg-dom | F9: ='12x36 diurno Esteio'!I172+'12x36 noturno Esteio'!I179 -> 0 | G9: 1 | H9: =G9*F9 -> 0
A10: Total | G10: =SUM(G3:G9) -> 11 | H10: =SUM(H3:H9) -> 0
A12: OBSERVAÇÃO: É de inteira responsabilidade do participante do processo licitatório o correto preenchimento das planilhas, a conferência dos índices e das fórmulas utilizadas, bem como a juntada das respectivas Declarações de ISS, nos estritos termos do modelo disponibilizado no Anexo VI do Edital.
